 Dungeon Crawl Stone Soup version 0.23-a0-321-g6bcb69f (webtiles) character file.

17855221 Petrovich the Intangible (level 27, 221/245 HPs)
             Began as a Vampire Gladiator on Oct 14, 2018.
             Was the Champion of Makhleb.
             Escaped with the Orb
             ... and 15 runes on Oct 15, 2018!
             The game lasted 08:16:32 (86648 turns).

Petrovich the Intangible (Vampire Gladiator)       Turns: 86648, Time: 08:16:32

Health: 221/245    AC: 32    Str: 20    XL:     27
Magic:  26/28      EV: 41    Int: 12    God:    Makhleb [******]
Gold:   7231       SH: 25    Dex: 37    Spells: 0/27 levels left

rFire    + + .     SeeInvis +   Z - +2 Maxwell's thermic engine {flame, freeze}
rCold    + + +     Gourm    .   U - +5 shield {reflect}
rNeg     + + +     Faith    +   G - +4 faerie dragon scales {rF- rC+++ Regen+ rCorr Dex+3}
rPois    ∞         Spirit   .   t - +0 helmet of the Gastropod {rCorr}
rElec    +         Reflect  +   E - +0 cloak of Elyvilon's Hope {Str+3 Slay+3}
rCorr    +         Harm     .   L - +2 pair of gloves {Str+3}
MR       ++++.                  u - +2 pair of boots {Fly}
Stlth    +++++.....             H - amulet of Suspicion {Faith MR+ Str+4 Slay+2}
HPRegen  0.00/turn              d - ring "Hose Piu" {Ice *Drain rElec Dex+9 Stlth+}
MPRegen  0.21/turn              x - ring "Moynacki" {rF+++ MR+ Str-5 Stlth+}

@: flying, bloodless, non-regenerating
A: claws 1, fangs 3, talons 2, large bone plates 1, slimy green scales 1, see
invisible, agile 1, fire resistance 1, shaggy fur 1, weak 1, unbreathing,
evolution 1
0: Orb of Zot
}: 15/15 runes: decaying, slimy, silver, golden, iron, obsidian, icy, bone,
abyssal, demonic, glowing, magical, fiery, dark, gossamer
a: Bat Form, Minor Destruction, Lesser Servant of Makhleb, Major Destruction,
Greater Servant of Makhleb, Renounce Religion, Stop Flying


You escaped.
You worshipped Makhleb.
Makhleb was exalted by your worship.
You were bloodless.

You visited 18 branches of the dungeon, and saw 90 of its levels.
You visited Pandemonium 1 time, and saw 15 of its levels.
You visited the Abyss 2 times.
You also visited: Ice Cave.

You collected 13126 gold pieces.
You spent 5895 gold pieces at shops.

Inventory:

Hand Weapons
 c - a +9 antimagic double sword
 N - a +9 double sword of electrocution
 Z - the +2 Maxwell's thermic engine (weapon) {flame, freeze}
   (You took it off a deep elf mage on level 3 of the Elven Halls)

   It has been specially enchanted to burn those struck by it, causing extra
   injury to most foes and up to half again as much damage against particularly
   susceptible opponents.
   Big, fiery blades are also staple armaments of hydra-hunters.
Missiles
 h - 2 throwing nets (quivered)
Armour
 t - the +0 helmet of the Gastropod (worn) {rCorr}
   (You acquired it on level 4 of the Depths)

   It provides partial protection from all sources of acid and corrosion.
 u - a +2 pair of boots of flying (worn)
 E - the +0 cloak of Elyvilon's Hope (worn) {Str+3 Slay+3}
   (You bought it in a shop on level 2 of the Orcish Mines)

   It affects your strength (+3).
   It affects your accuracy and damage with ranged weapons and melee attacks
   (+3).
 G - the +4 faerie dragon scales (worn) {rF- rC+++ Regen+ rCorr Dex+3}
   (You took it off the Enchantress on level 3 of the Depths)

   It affects your dexterity (+3).
   It makes you vulnerable to fire.
   It renders you almost immune to cold.
   It increases your rate of regeneration.
   It provides partial protection from all sources of acid and corrosion.
 L - a +2 pair of gloves of strength (worn)
 U - a +5 shield of reflection (worn)
Magical Staves
 e - an uncursed staff of energy {!a}
Jewellery
 d - the ring "Hose Piu" (left hand) {Ice *Drain rElec Dex+9 Stlth+}
   (You found it on level 5 of the Pits of Slime)

   [ring of ice]

   It enhances your ice magic.
   It affects your dexterity (+9).
   It makes you vulnerable to fire.
   It protects you from cold.
   It insulates you from electricity.
   It causes draining when unequipped.
   It makes you more stealthy.
 p - an uncursed ring of wizardry
 s - the ring of Phasing {EV+8}
   (You found it on level 5 of the Pits of Slime)

   [ring of evasion]

   It affects your evasion (+8).
 w - the ring "Pifugho" {*Corrode rPois rC+++ MR- Str+8}
   (You took it off a deep elf annihilator on level 4 of the Depths)

   [ring of poison resistance]

   It affects your strength (+8).
   It renders you almost immune to cold.
   It protects you from poison.
   It affects your resistance to hostile enchantments.
   It may corrode you when you take damage.
 x - the ring "Moynacki" (right hand) {rF+++ MR+ Str-5 Stlth+}
   (You took it off a vault sentinel on level 5 of the Vaults)

   [ring of stealth]

   It affects your strength (-5).
   It renders you almost immune to fire.
   It affects your resistance to hostile enchantments.
   It makes you more stealthy.
 H - the amulet of Suspicion (around neck) {Faith MR+ Str+4 Slay+2}
   (You found it on level 5 of the Pits of Slime)

   [amulet of faith]

   It allows you to gain divine favour quickly.
   It affects your strength (+4).
   It affects your accuracy and damage with ranged weapons and melee attacks
   (+2).
   It affects your resistance to hostile enchantments.
Wands
 g - a wand of iceblast (74)
 r - a wand of scattershot (26)
 J - a wand of digging (50)
 K - a wand of clouds (11)
 Y - a wand of acid (35)
Scrolls
 b - 4 scrolls of blinking
 i - 4 scrolls of identify
 B - 9 scrolls of immolation {!r}
 F - 3 scrolls of silence {!r}
 M - a scroll of magic mapping
 O - 7 scrolls of fog
 R - 37 scrolls of remove curse
 T - 2 scrolls of teleportation
 V - 2 scrolls of summoning
Potions
 a - 5 potions of ambrosia
 f - 5 potions of mutation {!q}
 j - 6 potions of resistance
 k - 7 potions of heal wounds
 m - 8 potions of magic
 q - 14 potions of blood
 v - 8 potions of cancellation
 z - 3 potions of invisibility
 A - 4 potions of haste
 C - 36 potions of curing
 D - 7 potions of agility
 I - 10 potions of brilliance
 S - 2 potions of might
Miscellaneous
 l - a phial of floods
 n - a lamp of fire
 o - 5 phantom mirrors
 y - the horn of Geryon
 P - 5 boxes of beasts
 Q - a lightning rod (4/4)
 W - a figurine of a ziggurat
 X - 3 sacks of spiders


   Skills:
 + Level 26.3 Fighting
 * Level 21.2 Long Blades
 - Level 1.5 Throwing
 + Level 24.5 Armour
 O Level 27 Dodging
 O Level 27 Stealth
 - Level 15.0 Shields
 - Level 0.7 Spellcasting
   Level 5.0 Hexes
 - Level 10.0 Charms
 - Level 18.0 Summonings
 + Level 17.6 Necromancy
 - Level 12.0 Translocations
 - Level 16.0 Earth Magic
 + Level 7.1 Evocations


You couldn't memorise any spells.
You knew the following spells:

 Your Spells              Type           Power        Failure   Level  Hunger
a - Apportation           Tloc           ####..       1%          1    ##.....
c - Lesser Beckoning      Tloc           ####......   1%          3    ####...
h - Regeneration          Chrm/Necr      ####......   1%          3    ####...
p - Passage of Golubria   Tloc           N/A          2%          4    #####..
w - Passwall              Tmut/Erth      ###.....     1%          2    ###....
z - Borgnjor's Vile Clut  Necr/Erth      #####.....   1%          5    ######.
B - Blink                 Tloc           N/A          1%          2    ###....
J - Aura of Abjuration    Summ           #####.....   1%          5    ######.
S - Song of Slaying       Chrm           ###.....     1%          2    ###....

Your spell library contained the following spells:

 Spells                   Type           Power        Failure   Level  Hunger
 Animate Skeleton         Necr           N/A          1%          1    ##.....
 Infusion                 Chrm           ###.         1%          1    ##.....
 Pain                     Necr           ####         1%          1    ##.....
 Sandblast                Erth           #####.       1%          1    ##.....
 Summon Small Mammal      Summ           ####         1%          1    ##.....
 Call Imp                 Summ           #####...     1%          2    ###....
 Corpse Rot               Necr           N/A          1%          2    ###....
 Shroud of Golubria       Chrm/Tloc      ####......   1%          2    ###....
 Sublimation of Blood     Necr           #####.....   1%          2    ###....
 Call Canine Familiar     Summ           #####...     1%          3    ####...
 Gell's Gravitas          Tloc           ####......   1%          3    ####...
 Recall                   Summ/Tloc      N/A          1%          3    ####...
 Summon Guardian Golem    Hex/Summ       ####....     1%          3    ####...
 Teleport Other           Tloc           ####....     1%          3    ####...
 Vampiric Draining        Necr           #####.....   1%          3    ####...
 Animate Dead             Necr           N/A          1%          4    #####..
 Agony                    Necr           #####...     1%          5    ######.
 Dispel Undead            Necr           #####...     1%          5    ######.
 Lee's Rapid Deconstruct  Erth           #####.....   1%          5    ######.
 Summon Demon             Summ           #####.....   1%          5    ######.
 Summon Forest            Summ/Tloc      #####.....   1%          5    ######.
 Portal Projectile        Hex/Tloc       ###...       3%          3    ####...
 Stone Arrow              Conj/Erth      ###...       3%          3    ####...
 Excruciating Wounds      Chrm/Necr      ####......   3%          5    ######.
 Death Channel            Necr           #####.....   3%          6    #######
 Shadow Creatures         Summ           N/A          3%          6    #######
 Confusing Touch          Hex            ##....       4%          1    ##.....
 Corona                   Hex            ##.....      4%          1    ##.....
 Spectral Weapon          Hex/Chrm       ###.....     4%          3    ####...
 Leda's Liquefaction      Hex/Erth       ####......   4%          4    #####..
 Slow                     Hex            ##......     7%          2    ###....
 Swiftness                Chrm/Air       ##......     7%          2    ###....
 Summon Ice Beast         Ice/Summ       ####....     9%          4    #####..
 Summon Lightning Spire   Summ/Air       ###.....     9%          4    #####..
 Summon Mana Viper        Hex/Summ       ####....     9%          5    ######.
 Confuse                  Hex            ##......     13%         3    ####...
 Ozocubu's Armour         Chrm/Ice       ###.....     13%         3    ####...
 Tukima's Dance           Hex            ##......     13%         3    ####...
 Petrify                  Tmut/Erth      ###.....     13%         4    #####..
 Ensorcelled Hibernation  Hex/Ice        #.....       19%         2    ###....
 Bolt of Draining         Conj/Necr      ###.......   26%         5    ######.
 Force Lance              Conj/Tloc      ##......     28%         4    #####..
 Beastly Appendage        Tmut           #.....       34%         1    ##.....
 Flame Tongue             Conj/Fire      #....        34%         1    ##.....
 Freeze                   Ice            #...         34%         1    ##.....
 Magic Dart               Conj           #...         34%         1    ##.....
 Shock                    Conj/Air       #...         34%         1    ##.....
 Sting                    Conj/Pois      #...         34%         1    ##.....
 Dazzling Spray           Conj/Hex       #.....       36%         3    ####...
 Inner Flame              Hex/Fire       #.......     36%         3    ####...
 Dispersal                Tloc           ####......   36%         6    #######
 Cause Fear               Hex            ##........   41%         4    #####..
 Poisonous Vapours        Pois/Air       #.....       45%         2    ###....
 Searing Ray              Conj           #.....       45%         2    ###....
 Sticks to Snakes         Tmut           #.......     45%         2    ###....
 Throw Flame              Conj/Fire      #.....       45%         2    ###....
 Throw Frost              Conj/Ice       #.....       45%         2    ###....
 Conjure Flame            Conj/Fire      #.......     71%         3    ####...
 Ignite Poison            Fire/Tmut/Pois #.......     71%         3    ####...
 Mephitic Cloud           Conj/Pois/Air  #.......     71%         3    ####...
 Spider Form              Tmut/Pois      #.........   71%         3    ####...
 Static Discharge         Conj/Air       #.......     71%         3    ####...
 Bolt of Magma            Conj/Fire/Erth ##........   71%         5    ######.
 Fulminant Prism          Conj/Hex       #.........   77%         4    #####..
 Iskenderun's Battlesphe  Conj/Chrm      ##......     77%         5    ######.
 Simulacrum               Ice/Necr       ####......   80%         6    #######
 Iron Shot                Conj/Erth      ###.......   89%         6    #######
 Statue Form              Tmut/Erth      ###......    89%         6    #######
 Ice Form                 Ice/Tmut       #.......     98%         4    #####..
 Iskenderun's Mystic Bla  Conj           #.......     98%         4    #####..
 Olgreb's Toxic Radiance  Pois           #.......     98%         4    #####..
 Sticky Flame             Conj/Fire      #.......     98%         4    #####..
 Throw Icicle             Conj/Ice       #.......     98%         4    #####..
 Metabolic Englaciation   Hex/Ice        #.........   98%         5    ######.
 Silence                  Hex/Air        #.........   98%         5    ######.
 Yara's Violent Unravell  Hex/Tmut       #.........   98%         5    ######.
 Alistair's Intoxication  Tmut/Pois      #.......     100%        5    ######.
 Blade Hands              Tmut           #.........   100%        5    ######.
 Fireball                 Conj/Fire      #.........   100%        5    ######.
 Irradiate                Conj/Tmut      #.........   100%        5    ######.
 Lightning Bolt           Conj/Air       #.........   100%        5    ######.
 Venom Bolt               Conj/Pois      #.........   100%        5    ######.
 Bolt of Cold             Conj/Ice       #.........   100%        6    #######
 Bolt of Fire             Conj/Fire      #.........   100%        6    #######
 Darkness                 Hex            ##........   100%        6    #######
 Deflect Missiles         Chrm/Air       ##........   100%        6    #######
 Freezing Cloud           Conj/Ice/Air   #.........   100%        6    #######
 Hydra Form               Tmut           #.........   100%        6    #######
 Invisibility             Hex            ##......     100%        6    #######
 Ozocubu's Refrigeration  Ice            #.........   100%        6    #######
 Dragon Form              Tmut           #.........   100%        7    #######
 Orb of Destruction       Conj           #.........   100%        7    #######
 Ring of Flames           Chrm/Fire      ##........   100%        7    #######
 Spellforged Servitor     Conj/Summ      ###.......   100%        7    #######
 Discord                  Hex            ##........   100%        8    #######
 Ignition                 Fire           #.........   100%        8    #######
 Dragon's Call            Summ           #####.....   100%        9    #######
 Shatter                  Erth           #####.....   100%        9    #######
 Tornado                  Air            #.........   100%        9    #######


Dungeon Overview and Level Annotations

Branches:
Dungeon (15/15)            Temple (1/1) D:6            Lair (6/6) D:8
  Swamp (4/4) Lair:2       Spider (4/4) Lair:4        Slime (5/5) Lair:5
    Orc (2/2) D:11            Elf (3/3) Orc:2        Vaults (5/5) D:13
  Crypt (3/3) Vaults:3       Tomb (3/3) Crypt:3      Depths (5/5) D:15
   Hell (1/1)                 Dis (7/7) Hell            Geh (7/7) Hell
    Coc (7/7) Hell            Tar (7/7) Hell            Zot (5/5) Depths:5

Altars:
Ashenzari
Cheibriados
Dithmenos
Elyvilon
Fedhas
Gozag
Hepliaklqana
Kikubaaqudgha
Makhleb
Nemelex Xobeh
Okawaru
Qazlal
Ru
Sif Muna
Trog
Uskayaw
Vehumet
Wu Jian
Xom
Yredelemnul
Zin
The Shining One
Beogh
Jiyva

Shops:
D:9 }   D:13 %   Orc:2 *=[(   Elf:1 !   Vaults:4 :   Vaults:5 !   Depths:1 }=}
Depths:5 [

Portals:
Hell: Depths:1 Depths:2 Depths:3 Depths:4 Depths:5
Abyss: Depths:2 Depths:3 Depths:4
Pandemonium: Depths:1 Depths:5
Ziggurat: Depths:1

Annotations:
D:7 exclusion: oklob plant
Elf:1 flight
Depths:3 Mennas


Innate Abilities, Weirdness & Mutations

You do not heal naturally.
You are immune to poison.
You have razor-sharp teeth.
You have supernaturally acute eyesight. (SInv)
You can survive without breathing.
You have sharp fingernails.
You have razor-sharp toenails.
You are partially covered in large bone plates. (SH +4)
You are partially covered in slimy green scales. (AC +2)
You are agile. (Dex +2)
Your flesh is heat resistant. (rF+)
You are covered in fur. (AC +1)
You are weak. (Str -2)
You evolve.


Message History

There is a stone staircase leading down here.
Casting: Passwall (safe; 1% risk of failure)
Confirm with . or Enter, or press ? or * to list all spells.
Aiming: Passwall (safe; 1% risk of failure)
Press: ? - help, Dir - move target cursor A rock wall.
This square is covered in magical glow.
You begin to meditate on the wall.
You continue meditating on the rock. x2
You finish merging with the rock.
Casting: Passwall (safe; 1% risk of failure)
Confirm with . or Enter, or press ? or * to list all spells.
Aiming: Passwall (safe; 1% risk of failure)
Press: ? - help, Dir - move target cursor A rock wall.
This square is covered in magical glow.
You begin to meditate on the wall.
You continue meditating on the rock. x2
You finish merging with the rock.
There is an open door here.
There is a staircase leading out of the dungeon here.
You have escaped!

#.#..........#.#######.# #.#
####.##########.#.........# #.#
.....######## #.###############.#
######......# #..........÷......#
######......####'####.###########
............#.......#.#
........###.#.8.8.8.#.# ........#
#.#.......#.# ..#######
#.'.8.@.8.+.# ..# ###.......#.#
..# #.8.8.8.#.# ### #.......#.#
####'####.# #......# ########


There were no monsters in sight!

Vanquished Creatures
  Asmodeus (Geh:7)
  Antaeus (Coc:7)
  the Royal Jelly (Slime:5)
  Ereshkigal (Tar:7)
  the Serpent of Hell (Coc:7)
  Lom Lobon (Pan)
  5 ancient liches
  Mnoleg (Pan)
  Dispater (Dis:7)
  Khufu (Crypt:2)
  6 orbs of fire (Zot:5)
  Mara (Vaults:5)
  A juggernaut (Depths:4)
  39 greater mummies
  A pandemonium lord (Pan)
  Boris (twice) (Depths:5 Tomb:2)
  Frederick (Crypt:3)
  3 shard shrikes
  Saint Roka (Elf:3)
  5 Killer Klowns (Zot:5)
  6 caustic shrikes
  Margery (Vaults:3)
  Geryon (Hell)
  Xtahua (Depths:5)
  Nikola (Swamp:3)
  7 golden dragons
  Arachne (Spider:3)
  2 bone dragons
  A pearl dragon (Pan)
  A doom hound (Tar:7)
  the Enchantress (Depths:3)
  5 Tzitzimimeh (Tar:7)
  4 iron giants (Dis:7)
  An electric golem (Zot:5)
  5 Hell Sentinels
  21 Brimstone Fiends
  20 liches
  26 Orb Guardians
  Jorgrun (Swamp:3)
  18 Ice Fiends
  13 titans
  33 acid blobs
  The ghost of pidr the Geomancer, an adept FoEE of Nemelex Xobeh (Elf:2)
  10 quicksilver dragons
  21 tentacled monstrosities
  3 deep elf blademasters
  Murray (Hell)
  6 sphinxes
  17 ancient champions
  An eldritch tentacle (Coc:7)
  14 Executioners
  4 death cobs
  11 tentacled starspawn
  The ghost of Cosy the Earth Mage, an adept GrEE of Vehumet (D:15)
  Donald (Elf:3)
  25 shadow dragons
  2 thorn hunters
  5 revenants
  5 draconian monks
  19 storm dragons
  9 tengu reavers
  16 azure jellies
  3 daevas (Pan)
  11 fire giants
  11 frost giants
  5 blood saints (Pan)
  17 cacodemons
  2 draconian scorchers
  10 ghost moths
  21 vault wardens
  25 balrugs
  4 iron dragons
  3 emperor scorpions
  4 draconian knights
  5 angels (Pan)
  A ghost moth (shapeshifter) (Vaults:5)
  2 deep elf sorcerers
  6 deep elf elementalists
  An orc warlord (Orc:2)
  7 draconian shifters
  3 warmongers (Pan)
  2 black suns (Pan)
  3 curse skulls
  8 ghouls
  2 draconian stormcallers (Zot:3)
  8 corrupters (Pan)
  5 draconian annihilators
  3 spriggan defenders (Depths:3)
  4 elemental wellsprings
  12 war gargoyles (Dis:7)
  43 stone giants
  2 caustic shrike skeletons (Depths:2)
  18 very ugly things
  An ophan (Pan)
  14 ironheart preservers
  7 entropy weavers
  43 reapers
  15 vampire knights
  12 deep elf demonologists
  18 bennus
  10 apis (Pan)
  6 green draconians
  5 yellow draconians
  7 black draconians
  11 purple draconians
  Azrael (Elf:1)
  7 white draconians
  4 red draconians
  A spectral titan (Crypt:3)
  13 spark wasps
  15 deep elf annihilators
  8 eidola
  15 deep elf death magi
  17 blizzard demons
  26 mummy priests
  The ghost of Amnesiac the Geomancer, a journeyman DDEE of Ashenzari (Orc:1)
  Snorg (Lair:4)
  9 green deaths
  12 fire dragons
  A kraken zombie (Coc:2)
  A fire dragon (shapeshifter) (Vaults:5)
  6 deep elf high priests
  7 death oozes
  The ghost of coffeespoons the Grappler, a journeyman TrMo of Okawaru (D:11)
  6 quicksilver dragon zombies
  10 ettins
  12 jiangshi
  11 great orbs of eyes
  12 ogre magi
  13 yaktaur captains
  2 quicksilver dragon skeletons
  A spectral golden dragon (Crypt:3)
  A merfolk impaler (Depths:4)
  3 monstrous demonspawn (Pan)
  26 ice dragons
  30 vault guards
  7 rakshasas
  A naga warrior (Abyss:5)
  Erica (D:9)
  A shambling mangrove (Swamp:4)
  2 juggernaut simulacra (Pan)
  3 death knights
  2 ghost crabs
  35 hydras
  4 spriggan air magi
  6 centaur warriors
  4 catoblepae
  10 alligators
  An anaconda (Lair:4)
  4 deep troll shamans
  14 death yaks
  34 dancing weapons
  6 tengu warriors
  32 hell hogs
  42 two-headed ogres
  5 vampire magi
  A titan zombie (Coc:7)
  41 death scarabs
  3 orc high priests (Orc:2)
  7 deep troll earth magi
  3 shock serpents (Pan)
  12 thrashing horrors
  30 deep elf knights
  21 soul eaters
  31 sun demons
  4 titan skeletons
  90 skeletal warriors
  4 spriggan berserkers
  7 storm dragon zombies
  38 hell knights
  A fire crab (Geh:4)
  A spectral ghost moth (Crypt:3)
  6 wretched stars
  7 iron trolls
  A spectral catoblepas (Crypt:3)
  7 sixfirhies
  26 shadow wraiths
  2 spatial maelstroms
  3 golden dragon zombies
  3 storm dragon skeletons
  16 flayed ghosts
  A spark wasp zombie (Crypt:1)
  A death drake (Tar:1)
  A ghost moth zombie (Crypt:1)
  6 gelid demonspawn (Pan)
  A spriggan druid (Swamp:4)
  10 anaconda zombies
  A cherub (Pan)
  9 glowing orange brains
  8 infernal demonspawn (Pan)
  10 torturous demonspawn (Pan)
  13 deep trolls
  6 unseen horrors
  12 shadow demons
  11 swamp dragons
  2 kraken simulacra
  7 wizards
  20 phantasmal warriors
  20 starcursed masses
  17 ironbrand convokers
  A spectral hydra (Crypt:3)
  7 golden dragon skeletons
  4 wolf spider zombies
  10 harpies
  24 necromancers
  18 deep elf archers
  5 anaconda skeletons
  2 spectral wolf spiders (Crypt:3)
  26 orc knights
  6 human zombies
  5 shadow dragon zombies
  6 orc sorcerers
  5 shining eyes
  34 ugly things
  17 orb spiders
  6 iron dragon zombies
  5 shadow dragon skeletons
  25 moths of wrath
  2 frost giant zombies (Geh:7)
  3 oklob plants
  82 deep elf magi
  39 wolf spiders
  2 sphinx skeletons
  9 stone giant zombies
  7 salamanders
  6 elephants
  An elephant (shapeshifter) (Depths:1)
  6 fire giant zombies
  2 iron dragon skeletons
  47 cyclopes
  A spectral alligator (Crypt:3)
  A shock serpent zombie (Tar:7)
  4 manticores
  3 human skeletons
  Maurice (D:12)
  9 fire giant skeletons
  10 stone giant skeletons
  A worldbinder (Abyss:5)
  9 black mambas
  A guardian serpent (Abyss:5)
  14 vault sentinels
  3 titan simulacra (Coc:7)
  6 eyes of devastation
  3 ice statues
  27 smoke demons
  6 dire elephant zombies
  5 frost giant skeletons
  A gargoyle (D:13)
  13 molten gargoyles
  7 torpor snails
  25 rust devils
  2 apocalypse crabs
  A storm dragon simulacrum (Coc:7)
  16 orange demons
  2 catoblepas zombies (Crypt:2)
  18 spiny frogs
  25 hellions
  2 dire elephant skeletons
  2 swamp worm zombies
  72 yaktaurs
  5 centaur skeletons
  4 emperor scorpion zombies
  4 kobold demonologists
  14 efreet
  4 yaktaurs (shapeshifter)
  23 hellwings
  6 anaconda simulacra
  32 ice devils
  3 rime drakes
  7 ancient zymes
  7 komodo dragons
  25 demonic crawlers
  A spark wasp simulacrum (Depths:2)
  A yaktaur zombie (Vaults:1)
  31 freezing wraiths
  5 golden dragon simulacra
  A harpy zombie (Tar:2)
  12 hydra zombies
  14 red devils
  A catoblepas skeleton (Coc:2)
  24 tormentors
  36 guardian mummies
  10 trolls
  4 tengu conjurers
  2 purple draconian skeletons
  2 silent spectres
  A queen bee (Depths:4)
  7 polar bears
  40 jumping spiders
  A meliai (Spider:2)
  The ghost of namelastname112 the Grave Robber, an amateur DrWn (D:5)
  2 harpy skeletons
  A moth of wrath zombie (Crypt:3)
  A shadow dragon simulacrum (Depths:2)
  A hornet (shapeshifter) (Depths:3)
  A tengu simulacrum (Vaults:3)
  17 hornets
  5 hydra skeletons
  10 tyrant leeches
  A wolf spider simulacrum (IceCv)
  Prince Ribbit (D:6)
  20 blink frogs
  An ice dragon zombie (Coc:6)
  106 slime creatures
  2 ettin zombies
  15 raiju
  A fire giant simulacrum (Coc:7)
  14 hippogriffs
  A hippogriff (shapeshifter) (D:15)
  22 dream sheep
  2 stone giant simulacra
  13 bog bodies
  2 frost giant simulacra
  2 meliai zombies
  3 fire dragon zombies
  3 alligator zombies
  A spectral black mamba (Crypt:3)
  A black mamba zombie (Geh:2)
  56 redbacks
  3 alligator skeletons
  8 spriggans
  3 air elementals
  108 flying skulls
  A spriggan (shapeshifter) (Depths:2)
  6 ice dragon skeletons
  15 shadows
  7 spriggan skeletons (Depths:2)
  19 ynoxinuls
  4 ettin skeletons
  A tarantella (shapeshifter) (D:14)
  A dire elephant simulacrum (IceCv)
  12 fire dragon skeletons
  A yak (shapeshifter) (Vaults:5)
  33 tarantellas
  4 hogs (D:7)
  A human (D:7)
  4 fire bats
  15 water elementals
  34 yaks
  3 vampires
  8 wyverns
  A black mamba skeleton (Coc:7)
  A fire bat (shapeshifter) (Depths:4)
  15 ushabtiu
  3 basilisks
  2 hogs (shapeshifter)
  4 elf skeletons
  2 chaos spawn
  10 hungry ghosts
  25 wraiths
  4 golden eyes (shapeshifter)
  14 golden eyes
  3 basilisks (shapeshifter)
  A death yak simulacrum (IceCv)
  11 neqoxecs
  A steam dragon (D:12)
  33 fire elementals
  13 vampire mosquitoes
  12 insubstantial wisps
  3 iron troll simulacra (IceCv)
  2 spatial vortices (Tar:7)
  5 harpy simulacra (IceCv)
  12 swamp worms
  2 nagas (Abyss:5)
  7 wargs
  A merfolk zombie (Geh:7)
  An acid dragon (Vaults:1)
  7 hydra simulacra
  51 large abominations
  28 hell hounds
  A spectral spriggan (Crypt:3)
  2 soldier ants (D:13)
  2 acid dragons (shapeshifter)
  16 water moccasins
  A floating eye (shapeshifter) (Vaults:1)
  A tengu skeleton (Depths:2)
  11 spiny frog zombies
  Duvessa (D:5)
  A floating eye (Slime:4)
  19 porcupines
  3 ice beasts
  53 orc warriors
  5 spiny frog skeletons
  7 swamp drakes
  A hornet zombie (D:14)
  2 manticore zombies
  14 eyes of draining
  4 sky beasts
  A black bear (shapeshifter) (Vaults:4)
  15 black bears
  An ettin simulacrum (Crypt:1)
  6 phantoms
  A wolf (shapeshifter) (Elf:2)
  15 necrophages
  6 snapping turtle zombies
  15 boggarts
  18 small abominations
  23 wolves
  42 ogres
  A centaur (shapeshifter) (Depths:4)
  11 centaurs
  2 manticore skeletons
  A crocodile (shapeshifter) (Vaults:4)
  2 swamp dragon skeletons
  3 big kobolds
  13 crocodiles
  22 bullfrogs
  A rime drake skeleton (Crypt:2)
  A wyvern zombie (Crypt:2)
  An earth elemental (Elf:1)
  Dowan (D:5)
  3 scorpions
  A hornet simulacrum (Vaults:1)
  2 water moccasin zombies (Swamp:1)
  A polar bear zombie (Crypt:2)
  A water moccasin skeleton (D:12)
  A spriggan zombie (Geh:5)
  28 killer bees
  A scorpion (shapeshifter) (Elf:2)
  4 howler monkeys
  35 wights
  8 electric eels
  15 crimson imps
  A wolf skeleton (Crypt:3)
  A draconian simulacrum (IceCv)
  3 bullfrog zombies
  A quasit (D:14)
  4 centaur zombies
  7 hounds
  4 jellies
  22 orc priests
  28 orc wizards
  2 iguanas
  13 iron imps
  3 bullfrog skeletons
  11 hell rats (Hell)
  4 troll simulacra (IceCv)
  11 worker ants
  A polar bear simulacrum (IceCv)
  A wolf simulacrum (IceCv)
  3 centaur simulacra
  An ogre zombie (Crypt:2)
  A hound zombie (D:11)
  A big kobold skeleton (Crypt:1)
  An ogre skeleton (Tar:1)
  A felid skeleton (Crypt:1)
  2 hound skeletons
  41 mummies
  3 gnolls (D:3)
  A swamp drake zombie (Crypt:2)
  13 adders
  3 naga simulacra (IceCv)
  2 ogre simulacra (IceCv)
  9 shadow imps
  A steam dragon skeleton (Crypt:3)
  18 white imps
  3 ufetubi (IceCv)
  An adder skeleton (D:6)
  An iguana skeleton (Crypt:3)
  6 worms
  4 dart slugs
  3 leopard geckos
  A leopard gecko (shapeshifter) (Elf:2)
  112 orcs
  9 bats
  6 giant cockroaches
  5 goblins
  15 hobgoblins
  15 jackals
  5 quokkas
  A ball python (D:3)
  A ball python (shapeshifter) (Elf:2)
  A frilled lizard (shapeshifter) (Elf:2)
  5 frilled lizards
  A goblin zombie (Crypt:1)
  A jackal skeleton (D:5)
  14 kobolds
  A quokka skeleton (D:5)
  2 quokka zombies (D:5)
  14 rats
  2 crawling corpses (Vaults:5)
  A fire vortex (Pan)
  A fungus (Lair:6)
  A macabre mass (Abyss:5)
  A plant (D:8)
  9 starspawn tentacles
  3 tentacles (Coc:2)
4633 creatures vanquished.

Vanquished Creatures (collateral kills)
  Frances (D:13)
  2 storm dragons (Zot:3)
  A draconian annihilator (Zot:3)
  2 draconian stormcallers
  An entropy weaver (Spider:1)
  A purple draconian (Zot:3)
  A black draconian (Zot:2)
  A yellow draconian (Zot:2)
  3 red draconians
  2 white draconians (Zot:3)
  2 wolf spiders (Spider:1)
  A moth of wrath (Zot:3)
  2 tarantellas (Spider:1)
20 creatures vanquished.

Vanquished Creatures (others)
  Cerebov (Pan)
  2 deep elf master archers (Elf:3)
  2 death cobs (Zot:5)
  An ancient champion (Tomb:2)
  A fire giant (Depths:3)
  3 elemental wellsprings
  A green death (Pan)
  2 blizzard demons
  A yaktaur captain (Vaults:5)
  2 hell hogs
  A death scarab (Tomb:3)
  3 skeletal warriors (Tomb:2)
  A deep elf archer (Depths:4)
  A golden dragon skeleton (Tomb:2)
  A necromancer (Depths:2)
  A moth of wrath (Zot:3)
  2 cyclopes
  6 yaktaurs
  A hellwing (Pan)
  A guardian mummy (Tomb:2)
  A jumping spider (Spider:4)
  14 flying skulls (Tomb:2)
  A water elemental (Coc:6)
  A ynoxinul (Pan)
  2 ushabtiu (Tomb:2)
  2 fire bats (Pan)
  2 chaos spawn (Pan)
  A centaur (D:15)
  A boggart (Depths:1)
  An ogre (Depths:1)
  A bullfrog (D:15)
  An orc priest (Depths:4)
  An orc wizard (D:6)
  An iron imp (Dis:6)
  A mummy (Tomb:2)
  2 white imps (IceCv)
  6 ufetubi (IceCv)
  3 orcs
  A bush (Lair:6)
  26 fungi
  18 plants
  14 starspawn tentacles
  7 tentacles
142 creatures vanquished.

Grand Total: 4795 creatures vanquished

Notes
Turn   | Place    | Note
-------+----------+-------------------------------------------
     0 | D:1      | Petrovich the Vampire Gladiator began the quest for the
                  | Orb.
     0 | D:1      | Reached XP level 1. HP: 16/16 MP: 1/1
   240 | D:1      | Reached XP level 2. HP: 20/22 MP: 2/2
   861 | D:2      | Found a shadowy altar of Dithmenos.
   892 | D:2      | Reached XP level 3. HP: 27/27 MP: 3/3
  1281 | D:2      | Found a stormy altar of Qazlal.
  1371 | D:3      | Reached XP level 4. HP: 34/34 MP: 4/4
  1665 | D:3      | Reached skill level 5 in Long Blades
  1665 | D:3      | Reached XP level 5. HP: 32/41 MP: 5/5
  1778 | D:3      | HP: 2/41 [orc priest (2)]
  2257 | D:4      | Reached XP level 6. HP: 47/47 MP: 6/6
  2366 | D:4      | Found a hazy altar of Hepliaklqana.
  2607 | D:5      | Entered Level 5 of the Dungeon
  2777 | D:5      | Found a runed gate.
  2777 | D:5      | Found a runed gate.
  2777 | D:5      | Found a runed gate.
  2780 | D:5      | Noticed namelastname112's ghost (amateur DrWn)
  2850 | D:5      | Reached XP level 7. HP: 54/54 MP: 7/7
  3037 | D:5      | Noticed Duvessa
  3037 | D:5      | Noticed Dowan
  3065 | D:5      | Killed Duvessa
  3141 | D:5      | Killed Dowan
  3238 | D:5      | Noticed a hungry ghost
  3252 | D:5      | Killed a hungry ghost
  3595 | D:5      | Found a shimmering altar of Xom.
  3670 | D:5      | Reached skill level 5 in Fighting
  3708 | D:6      | Reached XP level 8. HP: 57/62 MP: 8/8
  3983 | D:6      | Found an iron altar of Okawaru.
  3999 | D:6      | Found a blossoming altar of Fedhas.
  4008 | D:6      | Noticed Prince Ribbit
  4046 | D:6      | Found a radiant altar of Vehumet.
  4060 | D:6      | Found a burning altar of Makhleb.
  4432 | D:6      | Found a staircase to the Ecumenical Temple.
  4639 | D:6      | Killed Prince Ribbit
  4926 | D:7      | Found a burning altar of Makhleb.
  4926 | D:7      | Noticed an oklob plant
  4941 | D:7      | You are confused.
  4957 | D:7      | Reached skill level 10 in Long Blades
  5042 | D:7      | Noticed a hippogriff
  5062 | D:6      | Reached XP level 9. HP: 51/71 MP: 9/9
  6472 | D:8      | Found a staircase to the Lair.
  6477 | D:8      | Reached XP level 10. HP: 80/80 MP: 10/10
  6629 | D:8      | Found an opulent altar of Gozag.
  6718 | D:8      | Found a deep blue altar of Sif Muna.
  6830 | D:8      | You fall through a shaft!
  6830 | D:9      | Found Atzeblin's Gadget Emporium.
  7000 | D:8      | Found a glowing golden altar of the Shining One.
  7532 | D:9      | You are confused.
  7674 | D:9      | Found a shattered altar of Ashenzari.
  8004 | D:9      | Noticed Erica
  8016 | D:9      | Killed Erica
  8198 | D:10     | Entered Level 10 of the Dungeon
  8848 | D:11     | Reached XP level 11. HP: 54/89 MP: 11/11
  8863 | D:11     | Noticed a two-headed ogre
  8902 | D:11     | Noticed an unseen horror
  8913 | D:11     | Killed an unseen horror
  8976 | D:11     | Noticed a two-headed ogre
  8986 | D:11     | Killed a two-headed ogre
  9204 | D:11     | Noticed coffeespoons's ghost (journeyman TrMo)
  9205 | D:11     | Noticed a lich
  9205 | D:11     | Noticed a deep troll
  9206 | D:11     | Noticed a yaktaur captain
  9247 | D:11     | Found a runed door.
  9254 | D:11     | Noticed a necromancer
  9255 | D:11     | Noticed a skeletal warrior
  9260 | D:11     | Found a runed door.
  9343 | D:11     | You fall through a shaft for 2 floors!
  9348 | D:13     | Found a shimmering altar of Xom.
  9381 | D:13     | Noticed an unseen horror
  9387 | D:13     | Killed an unseen horror
  9448 | D:13     | Noticed Frances
  9630 | D:12     | Noticed a five-headed hydra
  9646 | D:12     | Killed a one-headed hydra
  9664 | D:12     | Reached skill level 10 in Fighting
  9711 | D:12     | Noticed Maurice
  9727 | D:12     | Killed Maurice
  9928 | D:12     | Noticed a deep elf mage
 10104 | D:11     | Noticed a seven-headed hydra
 10121 | D:11     | Killed a four-headed hydra
 10121 | D:11     | Reached skill level 15 in Long Blades
 10236 | D:11     | Noticed a centaur warrior
 10267 | D:11     | Killed a centaur warrior
 10388 | Temple   | Entered the Ecumenical Temple
 10481 | Temple   | Became a worshipper of Trog the Wrathful
 10628 | D:11     | Killed a two-headed ogre
 10740 | D:11     | Found a staircase to the Orcish Mines.
 11181 | Lair:1   | Entered Level 1 of the Lair of Beasts
 11304 | D:8      | Reached XP level 12. HP: 20/99 MP: 12/12
 12114 | Lair:1   | Noticed an eight-headed hydra
 12123 | Lair:1   | Killed a one-headed hydra
 12256 | Lair:1   | Got an ancient leather armour
 12958 | Lair:1   | Reached * piety under Trog
 13146 | Lair:2   | Reached skill level 1 in Armour
 13192 | Lair:2   | Reached skill level 1 in Shields
 13531 | Lair:2   | Found a staircase to the Swamp.
 13698 | Lair:3   | Reached ** piety under Trog
 13713 | Lair:3   | Reached skill level 5 in Dodging
 13876 | Lair:3   | Noticed a five-headed hydra
 14674 | Lair:3   | Killed a one-headed hydra
 14869 | Lair:4   | Reached XP level 13. HP: 103/107 MP: 13/13
 14916 | Lair:4   | Noticed Snorg
 14918 | Lair:4   | Found a hole to the Spider Nest.
 15305 | Lair:4   | Killed Snorg
 15406 | Lair:4   | Reached *** piety under Trog
 15799 | Lair:5   | Reached skill level 5 in Armour
 16198 | Lair:5   | Found a staircase to the Slime Pits.
 16414 | Lair:5   | Got an ichor-stained whip
 16415 | Lair:5   | Identified the +2 whip of the Penguin {antimagic, +Blink
                  | MR+} (You found it on level 5 of the Lair of Beasts)
 16892 | Lair:6   | Entered Level 6 of the Lair of Beasts
 17340 | Lair:6   | Reached **** piety under Trog
 17548 | Lair:6   | Reached skill level 5 in Shields
 17686 | Lair:6   | Reached XP level 14. HP: 116/116 MP: 14/14
 17817 | Lair:6   | Reached skill level 10 in Dodging
 17853 | Lair:6   | Reached skill level 1 in Stealth
 18583 | Lair:6   | Reached ***** piety under Trog
 18841 | Lair:6   | Reached skill level 5 in Stealth
 19965 | D:13     | Noticed Nessos
 19968 | D:13     | Noticed Nessos
 19968 | D:13     | Nessos changed into Nessos the tarantella
 19976 | D:13     | Killed Nessos the tarantella
 20003 | D:13     | Found Rioky's Food Boutique.
 20360 | D:13     | Found a gate to the Vaults.
 20364 | D:13     | Received a gift from Trog
 20365 | D:13     | Reached XP level 15. HP: 124/124 MP: 15/15
 20425 | D:13     | Reached ****** piety under Trog
 20726 | D:13     | Killed Frances
 20788 | D:14     | Noticed a frost giant
 20822 | D:14     | Killed a frost giant
 21048 | D:14     | Found a burning altar of Makhleb.
 21592 | D:14     | Got a fine dagger {flame}
 21593 | D:14     | Identified the +9 dagger "Innoaz" {flame, *Rage +Fly rPois}
                  | (You took it off a kobold demonologist on level 14 of the
                  | Dungeon)
 22064 | D:14     | Received a gift from Trog
 22065 | D:14     | Reached skill level 15 in Fighting
 22065 | D:14     | Reached XP level 16. HP: 136/136 MP: 16/16
 22373 | Orc:1    | Entered Level 1 of the Orcish Mines
 23045 | Orc:1    | Found a runed door.
 23053 | Orc:1    | Noticed Amnesiac's ghost (journeyman DDEE)
 23408 | Orc:1    | Received a gift from Trog
 23826 | Orc:1    | Identified the +4 leather armour "Umoxaypn" {rF+ rC+ rN+}
                  | (You found it on level 1 of the Lair of Beasts)
 23881 | Orc:1    | Identified the cursed +0 hand axe of Calamity {drain,
                  | Dex+4} (You found it on level 1 of the Orcish Mines)
 23889 | Orc:1    | Got a shimmering arbalest
 24008 | Orc:1    | Killed Amnesiac's ghost
 24209 | D:5      | Killed namelastname112's ghost
 24412 | Spider:1 | Entered Level 1 of the Spider Nest
 24823 | Spider:1 | You are confused.
 24895 | Spider:1 | Reached skill level 1 in Evocations
 25121 | Spider:1 | You are confused.
 25726 | Spider:2 | Reached XP level 17. HP: 126/145 MP: 18/18
 25892 | Spider:2 | You are confused.
 26062 | Spider:2 | Reached skill level 10 in Stealth
 26075 | Spider:2 | Found the +2 cloak of the Thief {+Fog Slay-2 SInv Stlth+}
 26209 | Spider:2 | Received a gift from Trog
 26371 | Spider:2 | Got a dazzling falchion {god gift}
 26372 | Spider:2 | Identified the +7 falchion of Midnight {drain, -Tele rF+
                  | rN+ Dex+2} (Trog gifted it to you on level 2 of the Spider
                  | Nest)
 26610 | Swamp:1  | Entered Level 1 of the Swamp
 27211 | Swamp:1  | Got a distressingly furry ring mail
 27212 | Swamp:1  | Identified the +1 ring mail "Patumas" {*Corrode rPois MP+9
                  | Str+8} (You found it on level 1 of the Swamp)
 28562 | Swamp:3  | Noticed Nikola
 28698 | Swamp:3  | Killed Nikola
 28706 | Swamp:3  | Received a gift from Trog
 28859 | Swamp:3  | Got a heavily runed scale mail
 28860 | Swamp:3  | Identified the +3 scale mail of Leapfrog {rElec Stlth+}
                  | (You found it on level 3 of the Swamp)
 28872 | Swamp:3  | Upgraded the game from 0.23-a0-319-gb40ba49 to
                  | 0.23-a0-321-g6bcb69f
 28993 | Swamp:3  | Noticed Jorgrun
 29001 | Swamp:3  | Killed Jorgrun
 29112 | Swamp:4  | Entered Level 4 of the Swamp
 29213 | Swamp:4  | Found a frozen archway.
 29246 | IceCv    | Entered an ice cave
 29698 | IceCv    | Received a gift from Trog
 29899 | IceCv    | Noticed an Ice Fiend
 30029 | IceCv    | Killed an Ice Fiend
 30243 | Swamp:3  | Reached skill level 15 in Dodging
 30400 | Swamp:4  | Reached XP level 18. HP: 155/155 MP: 20/20
 30759 | Swamp:4  | Got a decaying rune of Zot
 31691 | Spider:3 | Noticed Arachne
 31706 | Spider:3 | Received a gift from Trog
 31707 | Spider:3 | Got a dazzling scimitar {god gift}
 31709 | Spider:3 | Identified the +7 scimitar of Cogiw {freeze, Fragile rC+
                  | MR+ Int+3} (Trog gifted it to you on level 3 of the Spider
                  | Nest)
 31872 | Spider:3 | Killed Arachne
 31974 | Spider:4 | Entered Level 4 of the Spider Nest
 32109 | Spider:4 | Reached skill level 10 in Armour
 32254 | Spider:4 | You are confused.
 32369 | Spider:3 | You are confused.
 33286 | Spider:4 | Received a gift from Trog
 33755 | Spider:4 | You feel dopey.
 34040 | Spider:4 | Reached XP level 19. HP: 137/163 MP: 10/22
 34110 | Spider:4 | Got a gossamer rune of Zot
 34401 | D:11     | Killed coffeespoons's ghost
 34630 | Vaults:1 | Entered Level 1 of the Vaults
 34739 | D:9      | Bought a wand of clouds (3) for 252 gold pieces
 34739 | D:9      | Bought a wand of clouds (6) for 360 gold pieces
 34739 | D:9      | Bought a wand of clouds (4) for 288 gold pieces
 34913 | Vaults:1 | Received a gift from Trog
 35060 | Vaults:1 | Reached skill level 5 in Evocations
 35146 | Vaults:1 | Reached skill level 15 in Stealth
 35362 | Vaults:1 | Cast into level 2 of the Abyss (a deep elf demonologist)
 35923 | Vaults:1 | Escaped the Abyss
 35945 | Vaults:1 | Received a gift from Trog
 36776 | Vaults:1 | Reached XP level 20. HP: 132/171 MP: 24/24
 37044 | Vaults:2 | Received a gift from Trog
 37294 | Vaults:2 | Found an ancient bone altar of Kikubaaqudgha.
 38125 | Vaults:3 | Found a staircase to the Crypt.
 38301 | Vaults:3 | Received a gift from Trog
 38302 | Vaults:3 | Got a crystal great sword {god gift}
 38303 | Vaults:3 | Identified the +7 great sword of Overwhelming Force {speed,
                  | Str+4 Dex+4} (Trog gifted it to you on level 3 of the
                  | Vaults)
 38351 | Vaults:3 | Noticed Margery
 38914 | Vaults:3 | Got a pitted zirconium amulet
 38915 | Vaults:3 | Identified the amulet "Kosim" {+Rage Dex+6 Slay-4} (You
                  | found it on level 3 of the Vaults)
 39201 | Vaults:3 | Received a gift from Trog
 39376 | Vaults:3 | Killed Margery
 39940 | Vaults:4 | Reached XP level 21. HP: 102/179 MP: 26/26
 40405 | Vaults:4 | Received a gift from Trog
 40980 | Vaults:4 | Found Holutu's Book Shop.
 41630 | Orc:2    | Entered Level 2 of the Orcish Mines
 41656 | Orc:2    | Received a gift from Trog
 41891 | Orc:2    | Found Peedegh's Antique Armour Boutique.
 41899 | Orc:2    | Bought a slimy helmet for 285 gold pieces
 41899 | Orc:2    | Bought a polished cloak for 285 gold pieces
 41899 | Orc:2    | Identified the cursed +0 helmet of Disaster {Int+2} (You
                  | bought it in a shop on level 2 of the Orcish Mines)
 41900 | Orc:2    | Identified the +0 cloak of Elyvilon's Hope {Str+3 Slay+3}
                  | (You bought it in a shop on level 2 of the Orcish Mines)
 41910 | Orc:2    | Found a bloodstained altar of Trog.
 41973 | Orc:2    | Found Fuix's Jewellery Emporium.
 42104 | Orc:2    | Found a roughly hewn altar of Beogh.
 42142 | Orc:2    | Bought the amulet "Vaol" {Acrobat *Contam +Fly rElec rN++}
                  | for 612 gold pieces
 42142 | Orc:2    | Bought a +6 ring of evasion for 936 gold pieces
 42414 | Orc:2    | Found a staircase to the Elven Halls.
 42489 | Orc:2    | Found Raus's General Store.
 42497 | Orc:2    | Bought a potion of ambrosia for 136 gold pieces
 42497 | Orc:2    | Bought a potion of agility for 68 gold pieces
 42538 | Orc:2    | Found Iwul's Antique Weapon Emporium.
 42709 | Elf:1    | Entered Level 1 of the Elven Halls
 42796 | Elf:1    | Noticed Azrael
 42799 | Elf:1    | Killed Azrael
 42826 | Elf:1    | Received a gift from Trog
 42851 | Elf:1    | Found Dolu Fooriu's Distillery.
 42882 | Elf:1    | Bought a potion of curing for 51 gold pieces
 42882 | Elf:1    | Bought a potion of resistance for 170 gold pieces
 42882 | Elf:1    | Bought a potion of flight for 51 gold pieces
 42882 | Elf:1    | Bought a potion of mutation for 136 gold pieces
 42882 | Elf:1    | Bought a potion of mutation for 136 gold pieces
 42882 | Elf:1    | Bought a potion of curing for 51 gold pieces
 42882 | Elf:1    | Bought a potion of cancellation for 136 gold pieces
 42882 | Elf:1    | Bought a potion of curing for 51 gold pieces
 42882 | Elf:1    | Bought 2 potions of curing for 102 gold pieces
 42882 | Elf:1    | Bought a potion of haste for 170 gold pieces
 42886 | Elf:1    | Bought a potion of flight for 51 gold pieces
 42987 | Elf:1    | Identified the +3 scimitar of Chance {slice, rF++ rC+} (You
                  | found it on level 1 of the Elven Halls)
 43243 | Elf:1    | You are confused.
 43388 | Elf:1    | Received a gift from Trog
 43390 | Elf:1    | Got a crude long sword {god gift}
 43398 | Elf:1    | Identified the +2 long sword "Qaujaab" {slice, Str+2} (Trog
                  | gifted it to you on level 1 of the Elven Halls)
 43885 | Elf:2    | Found a runed gate.
 43885 | Elf:2    | Found a runed gate.
 43885 | Elf:2    | Found a runed gate.
 43922 | Elf:2    | Found a runed gate.
 43922 | Elf:2    | Found a runed gate.
 43922 | Elf:2    | Found a runed gate.
 44384 | Elf:2    | Reached XP level 22. HP: 188/188 MP: 27/27
 44417 | Elf:2    | Received a gift from Trog
 44998 | Elf:2    | Found a runed gate.
 44998 | Elf:2    | Found a runed gate.
 45001 | Elf:2    | Found a runed gate.
 45006 | Elf:2    | Noticed pidr's ghost (adept FoEE)
 45083 | Elf:2    | Gained mutation: You are clumsy. (Dex -2) [a cacodemon]
 45086 | Elf:2    | Gained mutation: Your mind is acute. (Int +2) [a cacodemon]
 45107 | Elf:2    | Killed pidr's ghost
 45131 | Elf:2    | Gained mutation: You are very clumsy. (Dex -4) [a
                  | cacodemon]
 45371 | Elf:3    | Entered Level 3 of the Elven Halls
 45669 | Elf:3    | Noticed Donald
 45683 | Elf:3    | Killed Donald
 45806 | Elf:3    | Received a gift from Trog
 46028 | Elf:3    | Noticed Saint Roka
 46041 | Elf:3    | Killed Saint Roka
 46493 | Elf:3    | Reached skill level 10 in Shields
 46501 | Elf:3    | Identified the amulet "Finlucu" {Acrobat rPois rC+ MR-
                  | Dex+2}
 46617 | Elf:3    | Identified the cursed +1 short sword of Juhim {drain, rElec
                  | rC+ rN+++ Int-3}
 46617 | Elf:3    | Identified the ring "Raps" {rElec Int+4 Stlth-}
 46626 | Elf:3    | Received a gift from Trog
 46674 | Elf:3    | Identified the amulet "Voumotz" {+Rage +Fly Str+3 Int+5}
 46825 | Elf:3    | Identified the +0 chain mail of Grace {rCorr Slay+2} (You
                  | found it on level 3 of the Elven Halls)
 46827 | Elf:3    | Identified Sif Muna's Guide on Frigorific Sinister Arts
 46829 | Elf:3    | Identified the Guide on Damage Dealing and Transformation
 47466 | D:15     | Entered Level 15 of the Dungeon
 47609 | D:15     | Found a transporter.
 47609 | D:15     | Noticed Cosy's ghost (adept GrEE)
 47767 | D:15     | Found a transporter.
 47819 | D:15     | Got a twisted leather armour
 47820 | D:15     | Identified the cursed +1 leather armour "Urphovvi" {-Cast
                  | Regen+ rCorr Int+3} (You found it on level 15 of the
                  | Dungeon)
 48025 | D:15     | Killed Cosy's ghost
 48025 | D:15     | Received a gift from Trog
 48032 | D:15     | Got a smoking lapis lazuli ring
 48033 | D:15     | Identified the ring of Naniacek {MP+9 Slay+2} (You found it
                  | on level 15 of the Dungeon)
 48127 | D:15     | Found a staircase to the Depths.
 48136 | Depths:1 | Entered Level 1 of the Depths
 48200 | Depths:1 | Found a one-way gate leading to the halls of Pandemonium.
 48249 | Depths:1 | Reached XP level 23. HP: 196/196 MP: 28/28
 48587 | Depths:1 | Found a snail-covered altar of Cheibriados.
 48784 | Depths:1 | Found Omoes's Gadget Shoppe.
 48784 | Depths:1 | Found Atylaf's Jewellery Shop.
 48785 | Depths:1 | Found Vintatuf's Gadget Shoppe.
 48792 | Depths:1 | Bought a cursed amulet of inaccuracy for 48 gold pieces
 48859 | Depths:1 | Found a gateway to a ziggurat.
 48889 | Depths:1 | Found a gateway to Hell.
 48930 | Depths:1 | Got a slimy iron ring
 48931 | Depths:1 | Identified the ring of the Sky {AC+3 Int+2} (You found it
                  | on level 1 of the Depths)
 49437 | Depths:2 | You feel dopey.
 49603 | Depths:2 | You feel dopey.
 50111 | Depths:2 | Found a one-way gate to the infinite horrors of the Abyss.
 50199 | Depths:2 | Received a gift from Trog
 50312 | Depths:2 | Identified a scroll of acquirement
 50884 | Depths:3 | Received a gift from Trog
 50911 | Depths:3 | Identified the +4 faerie dragon scales {rF- rC+++ Regen+
                  | rCorr Dex+3}
 50911 | Depths:3 | Noticed the Enchantress
 50936 | Depths:3 | Killed the Enchantress
 51241 | Depths:3 | Found a hide-covered altar of Uskayaw.
 51314 | Depths:3 | Noticed Mennas
 51814 | Depths:5 | Entered Level 5 of the Depths
 51859 | Depths:5 | Found Koufoef's Antique Armour Shop.
 52077 | Depths:4 | Received a gift from Trog
 52077 | Depths:4 | Reached skill level 15 in Armour
 52183 | Depths:4 | Identified the ring "Pifugho" {*Corrode rPois rC+++ MR-
                  | Str+8}
 52208 | Depths:4 | Reached XP level 24. HP: 204/204 MP: 28/28
 52311 | Depths:4 | Noticed a juggernaut
 52323 | Depths:4 | Killed a juggernaut
 52502 | Depths:4 | Found a runed door.
 52842 | Depths:4 | Identified the +3 leather armour of the Game of Life {rPois
                  | rF+ Int-5}
 52877 | Depths:4 | Identified the +2 great sword "Uxom" {speed, Int+6} (You
                  | found it on level 4 of the Depths)
 53332 | Depths:4 | Identified the Catalogue of Captivating Self-Knowledge
 53540 | Depths:4 | Identified the +2 plate armour of Weirdness {rPois Dex+2}
 53774 | Depths:4 | Received a gift from Trog
 53782 | Depths:4 | Identified the +0 helmet of the Gastropod {rCorr} (You
                  | acquired it on level 4 of the Depths)
 54018 | Depths:5 | Noticed Xtahua
 54042 | Depths:5 | Killed Xtahua
 54044 | Depths:5 | Noticed Boris
 54059 | Depths:5 | Killed Boris
 54941 | Depths:5 | Found a gate to the Realm of Zot.
 54955 | Depths:5 | Reached XP level 25. HP: 126/212 MP: 28/28
 55600 | D:13     | Lost mutation: You are very clumsy. (Dex -4) [potion of
                  | mutation]
 55600 | D:13     | Lost mutation: You are clumsy. (Dex -2) [potion of
                  | mutation]
 55600 | D:13     | Lost mutation: Your mind is acute. (Int +2) [potion of
                  | mutation]
 55600 | D:13     | Gained mutation: You are partially covered in thin metallic
                  | scales. (AC +2) [potion of mutation]
 55600 | D:13     | Gained mutation: You are covered in fur. (AC +1) [potion of
                  | mutation]
 55600 | D:13     | Gained mutation: You are robust. (+10% HP) [potion of
                  | mutation]
 55730 | Vaults:5 | Entered Level 5 of the Vaults
 55794 | Vaults:5 | Identified the ring "Moynacki" {rF+++ MR+ Str-5 Stlth+}
 55805 | Vaults:5 | Received a gift from Trog
 55806 | Vaults:5 | Got a smoking falchion {god gift}
 55927 | Vaults:5 | Identified the +5 falchion "Eghaxes" {freeze, *Noise rPois
                  | Str+3} (Trog gifted it to you on level 5 of the Vaults)
 56074 | Vaults:5 | Noticed Mara
 56080 | Vaults:5 | Noticed Petrovich's illusion
 56270 | Vaults:5 | Noticed Petrovich's illusion
 56315 | Vaults:5 | Killed Mara
 56409 | Vaults:5 | Got a brightly glowing short sword
 56410 | Vaults:5 | Identified the +5 short sword "Usoaff" {speed, rF+} (You
                  | found it on level 5 of the Vaults)
 56785 | Vaults:5 | Received a gift from Trog
 56786 | Vaults:5 | Got a translucent long sword {god gift}
 56787 | Vaults:5 | Identified the +8 long sword of Springtime {venom, rPois}
                  | (Trog gifted it to you on level 5 of the Vaults)
 56792 | Vaults:5 | Identified the cursed +1 scimitar of Action {distort, rF++}
 56907 | Vaults:5 | Identified the cursed ring of Nyvyuky {EV-3 Str+7}
 57280 | Vaults:5 | Reached XP level 26. HP: 240/244 MP: 28/28
 57471 | Vaults:5 | Got a shimmering mace
 57667 | Vaults:5 | Found Waqoch's Distillery.
 57674 | Vaults:5 | Bought a potion of resistance for 160 gold pieces
 57674 | Vaults:5 | Bought a potion of curing for 48 gold pieces
 57674 | Vaults:5 | Bought a potion of mutation for 128 gold pieces
 57674 | Vaults:5 | Bought a potion of cancellation for 128 gold pieces
 57674 | Vaults:5 | Bought 2 potions of brilliance for 128 gold pieces
 57674 | Vaults:5 | Bought a potion of curing for 48 gold pieces
 57674 | Vaults:5 | Bought a potion of cancellation for 128 gold pieces
 57674 | Vaults:5 | Bought 2 potions of resistance for 320 gold pieces
 57674 | Vaults:5 | Bought a potion of haste for 160 gold pieces
 57674 | Vaults:5 | Bought a potion of curing for 48 gold pieces
 57674 | Vaults:5 | Bought a potion of curing for 48 gold pieces
 57674 | Vaults:5 | Bought a potion of magic for 128 gold pieces
 57674 | Vaults:5 | Bought a potion of flight for 48 gold pieces
 57677 | Vaults:5 | Got a silver rune of Zot
 58171 | Depths:3 | Received a gift from Trog
 58547 | Zot:1    | Entered Level 1 of the Realm of Zot
 60645 | Zot:2    | You are sucked into a shaft!
 60715 | Zot:3    | Received a gift from Trog
 60715 | Zot:3    | Reached skill level 15 in Shields
 62310 | Zot:5    | Entered Level 5 of the Realm of Zot
 62327 | Zot:5    | Reached XP level 27. HP: 246/254 MP: 28/28
 62662 | Zot:5    | Received a gift from Trog
 62842 | Zot:5    | Noticed an ancient lich
 62978 | Zot:5    | Noticed an ancient lich
 63011 | Zot:5    | Killed an ancient lich
 63025 | Zot:5    | Noticed an orb of fire
 63025 | Zot:5    | Noticed an orb of fire
 63031 | Zot:5    | Noticed an orb of fire
 63041 | Zot:5    | Gained mutation: Your body sometimes deteriorates upon
                  | taking damage. [an orb of fire]
 63063 | Zot:5    | Killed an orb of fire
 63072 | Zot:5    | Gained mutation: Your spells are a little easier to cast,
                  | but a little less powerful. [an orb of fire]
 63078 | Zot:5    | Killed an orb of fire
 63289 | Zot:5    | Noticed an orb of fire
 63291 | Zot:5    | Gained mutation: You occasionally shout uncontrollably at
                  | your foes. [an orb of fire]
 63292 | Zot:5    | Gained mutation: You are dopey. (Int -2) [an orb of fire]
 63299 | Zot:5    | Lost mutation: You are robust. (+10% HP) [an orb of fire]
 63308 | Zot:5    | Noticed an ancient lich
 63323 | Zot:5    | Killed an orb of fire
 63328 | Zot:5    | Killed an ancient lich
 63418 | Zot:5    | Gained mutation: You sometimes yell uncontrollably at your
                  | foes. [an orb of fire]
 63434 | Zot:5    | Gained mutation: You are occasionally teleported next to
                  | monsters. [an orb of fire]
 63435 | Zot:5    | Gained mutation: Your spells are easier to cast, but less
                  | powerful. [an orb of fire]
 63437 | Zot:5    | Gained mutation: You are frail. (-10% HP) [an orb of fire]
 63444 | Zot:5    | Killed an orb of fire
 63559 | Zot:5    | Noticed an orb of fire
 63633 | Zot:5    | Noticed an orb of fire
 63637 | Zot:5    | Gained mutation: Your spells are much easier to cast, but
                  | much less powerful. [an orb of fire]
 63639 | Zot:5    | Lost mutation: Your body sometimes deteriorates upon taking
                  | damage. [an orb of fire]
 63650 | Zot:5    | Gained mutation: Your body sometimes deteriorates upon
                  | taking damage. [an orb of fire]
 63654 | Zot:5    | Gained mutation: Your body often deteriorates upon taking
                  | damage. [an orb of fire]
 63656 | Zot:5    | Gained mutation: Potions are less effective at restoring
                  | your health. [an orb of fire]
 63657 | Zot:5    | Gained mutation: Your magical capacity is low. (-10% MP)
                  | [an orb of fire]
 63661 | Zot:5    | Killed an orb of fire
 63679 | Zot:5    | Killed an orb of fire
 63810 | Zot:5    | Noticed an ancient lich
 63822 | Zot:5    | Killed an ancient lich
 63834 | Zot:5    | Killed an ancient lich
 64090 | Zot:5    | Lost mutation: Your spells are much easier to cast, but
                  | much less powerful. [potion of mutation]
 64090 | Zot:5    | Lost mutation: Potions are less effective at restoring your
                  | health. [potion of mutation]
 64090 | Zot:5    | Gained mutation: You expend magic power (3 MP) to
                  | strengthen your wands. [potion of mutation]
 64090 | Zot:5    | Gained mutation: You have sharp toenails. [potion of
                  | mutation]
 64091 | Zot:5    | Lost mutation: You sometimes yell uncontrollably at your
                  | foes. [potion of mutation]
 64091 | Zot:5    | Lost mutation: You expend magic power (3 MP) to strengthen
                  | your wands. [potion of mutation]
 64091 | Zot:5    | Lost mutation: You are frail. (-10% HP) [potion of
                  | mutation]
 64091 | Zot:5    | Gained mutation: You are frail. (-10% HP) [potion of
                  | mutation]
 64091 | Zot:5    | Lost mutation: You are dopey. (Int -2) [potion of mutation]
 64092 | Zot:5    | Lost mutation: You are partially covered in thin metallic
                  | scales. (AC +2) [potion of mutation]
 64092 | Zot:5    | Lost mutation: You are frail. (-10% HP) [potion of
                  | mutation]
 64092 | Zot:5    | Lost mutation: Your body often deteriorates upon taking
                  | damage. [potion of mutation]
 64092 | Zot:5    | Lost mutation: You occasionally shout uncontrollably at
                  | your foes. [potion of mutation]
 64092 | Zot:5    | Gained mutation: You are frail. (-10% HP) [potion of
                  | mutation]
 64092 | Zot:5    | Gained mutation: Your muscles are strong. (Str +2) [potion
                  | of mutation]
 64098 | Zot:5    | Lost mutation: You are frail. (-10% HP) [potion of
                  | mutation]
 64098 | Zot:5    | Lost mutation: Your body sometimes deteriorates upon taking
                  | damage. [potion of mutation]
 64098 | Zot:5    | Lost mutation: You are occasionally teleported next to
                  | monsters. [potion of mutation]
 64098 | Zot:5    | Lost mutation: Your muscles are strong. (Str +2) [potion of
                  | mutation]
 64098 | Zot:5    | Gained mutation: You are robust. (+10% HP) [potion of
                  | mutation]
 64098 | Zot:5    | Gained mutation: Your flesh is heat resistant. (rF+)
                  | [potion of mutation]
 64474 | D:14     | Fell from the grace of Trog
 64474 | D:14     | Became a worshipper of Makhleb the Destroyer
 64779 | Slime:1  | Entered Level 1 of the Pits of Slime
 64898 | Slime:1  | Learned a level 5 spell: Aura of Abjuration
 64922 | Slime:2  | Reached skill level 1 in Summonings
 64959 | Slime:2  | Reached * piety under Makhleb
 64959 | Slime:2  | Reached skill level 5 in Summonings
 65126 | Slime:4  | Reached ** piety under Makhleb
 65204 | Slime:4  | Paralysed by a floating eye for 4 turns
 65221 | Slime:5  | Entered Level 5 of the Pits of Slime
 65289 | Slime:5  | Reached skill level 10 in Summonings
 65306 | Slime:5  | Noticed the Royal Jelly
 65483 | Slime:5  | Reached *** piety under Makhleb
 65493 | Slime:5  | Found a viscous altar of Jiyva.
 65510 | Slime:5  | Learned a level 2 spell: Blink
 65513 | Slime:5  | Learned a level 2 spell: Song of Slaying
 65515 | Slime:5  | Learned a level 1 spell: Apportation
 65519 | Slime:5  | Learned a level 3 spell: Regeneration
 65525 | Slime:5  | Learned a level 5 spell: Borgnjor's Vile Clutch
 65529 | Slime:5  | Learned a level 3 spell: Portal Projectile
 65532 | Slime:5  | Learned a level 2 spell: Passwall
 65540 | Slime:5  | Found the ring of Phasing {EV+8}
 65583 | Slime:5  | Reached skill level 1 in Necromancy
 65583 | Slime:5  | Reached skill level 1 in Earth Magic
 65636 | Slime:5  | Reached skill level 1 in Translocations
 66101 | Slime:5  | Killed the Royal Jelly
 66276 | Slime:5  | Identified the Disquisition on Confrontation
 66338 | Slime:5  | Got a slimy rune of Zot
 66340 | Slime:5  | Identified the amulet of Suspicion {Faith MR+ Str+4 Slay+2}
                  | (You found it on level 5 of the Pits of Slime)
 66349 | Slime:5  | Identified the ring "Hose Piu" {Ice *Drain rElec Dex+9
                  | Stlth+} (You found it on level 5 of the Pits of Slime)
 66553 | D:9      | Gained mutation: You are dopey. (Int -2) [mutagenic glow]
 66784 | Hell     | Entered the Vestibule of Hell
 66784 | Hell     | Noticed Geryon
 66806 | Hell     | Found a gateway to the decaying netherworld of Tartarus.
 66856 | Hell     | Killed Geryon
 66926 | Hell     | Reached **** piety under Makhleb
 67032 | Hell     | Noticed Murray
 67082 | Hell     | Killed Murray
 67193 | Hell     | Reached skill level 5 in Necromancy
 67770 | Crypt:1  | Entered Level 1 of the Crypt
 67784 | Crypt:1  | Reached ***** piety under Makhleb
 67800 | Crypt:1  | Reached skill level 5 in Earth Magic
 68277 | Crypt:2  | Noticed Khufu
 68282 | Crypt:2  | Noticed a greater mummy
 68480 | Crypt:2  | Reached skill level 5 in Translocations
 68535 | Crypt:2  | Killed a greater mummy
 68548 | Crypt:2  | Killed Khufu
 69189 | Crypt:2  | You are confused.
 69279 | Crypt:3  | Entered Level 3 of the Crypt
 69296 | Crypt:3  | Reached ****** piety under Makhleb
 69583 | Crypt:3  | Found an ancient bone altar of Kikubaaqudgha.
 69710 | Crypt:3  | Reached skill level 15 in Summonings
 69829 | Crypt:3  | Identified the +5 long sword of Mysmam {flame, rF- Str+6}
                  | (You found it on level 3 of the Crypt)
 69845 | Crypt:3  | Found a staircase to the Tomb.
 70297 | Crypt:3  | Identified the ring "Bofoxac" {rN+ SInv} (You found it on
                  | level 3 of the Crypt)
 70298 | Crypt:3  | Identified the amulet "Naran" {rElec Regen+ Int+4} (You
                  | found it on level 3 of the Crypt)
 70299 | Crypt:3  | Identified the ring "Nuaheg" {rPois rN+} (You found it on
                  | level 3 of the Crypt)
 70360 | Crypt:3  | Identified the ring "Impofyos" {Ice Dex+5} (You found it on
                  | level 3 of the Crypt)
 70488 | Crypt:3  | Noticed Frederick
 70503 | Crypt:3  | Killed Frederick
 70503 | Crypt:3  | Reached skill level 10 in Necromancy
 70877 | Hell     | Found a gateway to the ashen valley of Gehenna.
 70886 | Geh:1    | Entered Level 1 of Gehenna
 71020 | Geh:1    | You feel dopey.
 71278 | Geh:2    | Reached skill level 10 in Earth Magic
 71853 | Geh:7    | Entered Level 7 of Gehenna
 72053 | Geh:7    | Was forgiven by Trog
 72318 | Geh:7    | Got a pair of brightly glowing boots
 72319 | Geh:7    | Identified the +2 pair of boots of Guhoa {rN+ rCorr} (You
                  | found it on level 7 of Gehenna)
 72673 | Geh:7    | You feel dopey.
 72751 | Geh:7    | Identified the +7 sceptre of Asmodeus
 72751 | Geh:7    | Noticed Asmodeus
 72784 | Geh:7    | Killed Asmodeus
 72784 | Geh:7    | Reached skill level 15 in Necromancy
 72788 | Geh:7    | Got an obsidian rune of Zot
 72946 | Geh:7    | Identified the Handbook of Protection
 73153 | Hell     | Found a gateway to the freezing wastes of Cocytus.
 73162 | Coc:1    | Entered Level 1 of Cocytus
 73210 | Coc:2    | Reached skill level 1 in Charms
 73388 | Coc:4    | Reached skill level 15 in Earth Magic
 73411 | Coc:5    | Reached skill level 5 in Charms
 73643 | Coc:7    | Entered Level 7 of Cocytus
 73893 | Coc:7    | Lost mutation: You are robust. (+10% HP) [mutagenic glow]
 73988 | Coc:7    | You are confused.
 74025 | Coc:7    | Noticed the Serpent of Hell
 74049 | Coc:7    | Killed the Serpent of Hell
 74323 | Coc:7    | Got an icy rune of Zot
 74330 | Coc:7    | Identified the ring "Zatwos" {Wiz rN++ Str+3}
 74330 | Coc:7    | Noticed Antaeus
 74340 | Coc:7    | Identified the amulet of Xualoev {Spirit SInv} (You found
                  | it on level 7 of Cocytus)
 74374 | Coc:7    | Killed Antaeus
 74707 | Hell     | Found a gateway to the Iron City of Dis.
 74718 | Dis:1    | Entered Level 1 of the Iron City of Dis
 75285 | Dis:7    | Entered Level 7 of the Iron City of Dis
 75435 | Dis:7    | Reached skill level 5 in Hexes
 75580 | Dis:7    | Found the cursed necklace of Bloodlust {*Rage +Rage MR++
                  | Int-3 Slay+6 *Curse}
 75692 | Dis:7    | Found the +8 mithril axe "Arga" {speed, MR+}
 75692 | Dis:7    | Identified the +4 staff of Dispater
 75692 | Dis:7    | Noticed Dispater
 76154 | Dis:7    | Killed Dispater
 76154 | Dis:7    | Reached skill level 10 in Charms
 76200 | Dis:7    | Got an iron rune of Zot
 76234 | Dis:7    | Lost mutation: Your magical capacity is low. (-10% MP)
                  | [mutagenic glow]
 76562 | Pan      | Entered Pandemonium
 76733 | Pan      | Petrovich: как думаешь под инвизом идти к острову - хорошая
                  | идея
 76733 | Pan      | TheNamelessOne: хеллионы не видят, думаю норм
 76736 | Pan      | Noticed Gisoe the pandemonium lord
 76768 | Pan      | HP: 10/237 [Gisoe the pandemonium lord/bolt of lightning
                  | (62)]
 76771 | Pan      | TheNamelessOne: ну
 76772 | Pan      | TheNamelessOne: получилось ниочинь
 76959 | Pan      | Petrovich: как руну то брать?
 76978 | Pan      | Killed Gisoe the pandemonium lord
 76997 | Pan      | TheNamelessOne: с иммолем мб
 77022 | Pan      | Got a demonic rune of Zot
 77030 | Pan      | Petrovich: ну их нахер
 77162 | Pan      | Gained mutation: You are frail. (-10% HP) [a cacodemon]
 77316 | Pan      | Noticed Umuojaal the pandemonium lord
 77377 | Pan      | Gained mutation: Your body sometimes deteriorates upon
                  | taking damage. [a cacodemon]
 77382 | Pan      | Noticed Woan the pandemonium lord
 77383 | Pan      | emiel: wow
 77383 | Pan      | emiel: bad luck
 77385 | Pan      | Found a runed door.
 77696 | Pan      | You feel dopey.
 78145 | Pan      | Found a white marble altar of Elyvilon.
 78250 | Pan      | Entered the realm of Cerebov.
 78250 | Pan      | Found an exit through the horrors of the Abyss.
 78422 | Pan      | Identified the ring of Amorality {rF+ rC+ Slay+3}
 78464 | Pan      | Identified the +9 great sword "Xuaz" {pain, rElec rPois rC-
                  | Stlth-}
 78508 | Pan      | Identified the +6 sword of Cerebov {flame}
 78508 | Pan      | Noticed Cerebov
 78522 | Pan      | Got a fiery rune of Zot
 78536 | Pan      | You feel dopey.
 78560 | Pan      | Killed Cerebov
 78620 | Pan      | Learned a level 3 spell: Lesser Beckoning
 78644 | Pan      | Identified Sif Muna's Guide on the Entourage and
                  | Displacement
 78725 | Pan      | Entered the realm of Gloorx Vloq.
 78725 | Pan      | Found an exit through the horrors of the Abyss.
 78726 | Pan      | TheNamelessOne: некромантию для инфеста или спасалок учишь?
 78726 | Pan      | Petrovich: чтоб помощней было наверно
 78775 | Pan      | TheNamelessOne: а для клатча значит
 78775 | Pan      | Petrovich: да
 78977 | Pan      | Petrovich: наверно просто руну сворую
 78982 | Pan      | Noticed Gloorx Vloq
 79073 | Pan      | Got a dark rune of Zot
 79100 | Pan      | Entered the realm of Mnoleg.
 79104 | Pan      | Noticed Gloorx Vloq
 79153 | Pan      | You feel dopey.
 79184 | Pan      | Gained mutation: Your spells are much easier to cast, but
                  | much less powerful. [a neqoxec]
 79206 | Pan      | TheNamelessOne: то что ему рмут выпилили печаль
 79206 | Pan      | Petrovich: а была рмут?
 79206 | Pan      | Petrovich: печаль, да
 79254 | Pan      | Gained mutation: You occasionally shout uncontrollably at
                  | your foes. [a cacodemon]
 79296 | Pan      | TheNamelessOne: да в старых версиях. казуал много негодовал
                  | за это
 79297 | Pan      | Petrovich: я бы тоже негодовал
 79301 | Pan      | Noticed Mnoleg
 79339 | Pan      | TheNamelessOne: а у демигодов сустейн абилитис был
 79347 | Pan      | Killed Mnoleg
 79381 | Pan      | Got a glowing rune of Zot
 79382 | Pan      | TheNamelessOne: ??sustain abilities
 79382 | Pan      | Petrovich: да, я знаю
 79382 | Pan      | Petrovich: кольцо еще было
 79382 | Pan      | TheNamelessOne: блин
 79403 | Pan      | You feel dopey.
 79406 | Pan      | You feel dopey.
 79411 | Pan      | Gained mutation: You are weak. (Str -2) [a neqoxec]
 79418 | Pan      | TheNamelessOne: непривычно что бима нет. опять забыл
 79420 | Pan      | Petrovich: а нафиг он нужен?
 79573 | Pan      | TheNamelessOne: да если чего-то спросить нужно, или
                  | статистику глянуть бывает полезен
 79578 | Pan      | TheNamelessOne: меннас?
 79578 | Pan      | Petrovich: и в окне чата неудобно же
 79578 | Pan      | Petrovich: меннас на U:3
 79672 | Pan      | Learned a level 4 spell: Passage of Golubria
 79749 | Pan      | You feel dopey.
 79820 | Pan      | TheNamelessOne: пойду допиливать демонспавна, решил
                  | всё-таки - попробую зигоскам без пбд сделать
 79825 | Pan      | Petrovich: удачи
 79858 | Pan      | TheNamelessOne: твоему вампу тоже
 79862 | Pan      | Petrovich: спс
 80050 | Pan      | You feel dopey.
 80053 | Pan      | Gained mutation: You are occasionally teleported next to
                  | monsters. [a neqoxec]
 80140 | Pan      | Noticed Fehox the pandemonium lord
 80233 | Pan      | Found an exit through the horrors of the Abyss.
 80273 | Pan      | Found an exit through the horrors of the Abyss.
 80279 | Pan      | Noticed Gloorx Vloq
 80334 | Pan      | Noticed Tunosil the pandemonium lord
 80851 | Pan      | You feel dopey.
 80852 | Pan      | Entered the realm of Lom Lobon.
 80929 | Pan      | Found an exit through the horrors of the Abyss.
 81095 | Pan      | Reached skill level 10 in Translocations
 81201 | Pan      | Noticed Lom Lobon
 81243 | Pan      | Killed Lom Lobon
 81272 | Pan      | Got a magical rune of Zot
 81395 | Pan      | Took an exit into the Abyss.
 81395 | Abyss:1  | Escaped into the Abyss
 81519 | Abyss:4  | Found a runed door.
 81627 | Abyss:5  | Entered Level 5 of the Abyss
 82143 | Abyss:5  | Gained mutation: You are very weak. (Str -4) [a cacodemon]
 82155 | Abyss:5  | You feel dopey.
 82179 | Abyss:5  | Paralysed by accursed screaming for 1 turns
 82185 | Abyss:5  | Paralysed by accursed screaming for 1 turns
 82243 | Abyss:5  | Got an abyssal rune of Zot
 82250 | Depths:1 | Escaped the Abyss
 82254 | Depths:1 | Lost mutation: Your spells are much easier to cast, but
                  | much less powerful. [potion of mutation]
 82254 | Depths:1 | Lost mutation: You are very weak. (Str -4) [potion of
                  | mutation]
 82254 | Depths:1 | Gained mutation: You are partially covered in thin metallic
                  | scales. (AC +2) [potion of mutation]
 82254 | Depths:1 | Gained mutation: You have razor-sharp toenails. [potion of
                  | mutation]
 82255 | Depths:1 | Lost mutation: Your body sometimes deteriorates upon taking
                  | damage. [potion of mutation]
 82255 | Depths:1 | Lost mutation: You are occasionally teleported next to
                  | monsters. [potion of mutation]
 82255 | Depths:1 | Lost mutation: Your spells are easier to cast, but less
                  | powerful. [potion of mutation]
 82255 | Depths:1 | Lost mutation: You are frail. (-10% HP) [potion of
                  | mutation]
 82255 | Depths:1 | Gained mutation: You evolve. [potion of mutation]
 82255 | Depths:1 | Gained mutation: You rapidly evolve. [potion of mutation]
 82256 | Depths:1 | Lost mutation: You are dopey. (Int -2) [potion of mutation]
 82256 | Depths:1 | Lost mutation: Your spells are a little easier to cast, but
                  | a little less powerful. [potion of mutation]
 82256 | Depths:1 | Lost mutation: You occasionally shout uncontrollably at
                  | your foes. [potion of mutation]
 82256 | Depths:1 | Lost mutation: You are partially covered in thin metallic
                  | scales. (AC +2) [potion of mutation]
 82256 | Depths:1 | Gained mutation: You are partially covered in slimy green
                  | scales. (AC +2) [potion of mutation]
 82256 | Depths:1 | Gained mutation: You are agile. (Dex +2) [potion of
                  | mutation]
 82355 | D:13     | Gained mutation: You have sharp fingernails. [evolution]
 82623 | Tomb:1   | Entered Level 1 of the Tomb of the Ancients
 82829 | Tomb:1   | Noticed a greater mummy
 82846 | Tomb:1   | Killed a greater mummy
 82986 | Tomb:1   | Noticed a greater mummy
 82998 | Tomb:1   | Killed a greater mummy
 83097 | Tomb:1   | Noticed a greater mummy
 83108 | Tomb:1   | Killed a greater mummy
 83148 | Tomb:2   | Noticed a greater mummy
 83168 | Tomb:2   | Killed a greater mummy
 83172 | Tomb:2   | Noticed a greater mummy
 83172 | Tomb:2   | Noticed a greater mummy
 83172 | Tomb:2   | Noticed Boris
 83197 | Tomb:2   | Killed a greater mummy
 83200 | Tomb:2   | Noticed a greater mummy
 83205 | Tomb:2   | Killed Boris
 83228 | Tomb:2   | Killed a greater mummy
 83236 | Tomb:2   | Killed a greater mummy
 83255 | Tomb:2   | You feel dopey.
 83255 | Tomb:2   | Reached skill level 27 in Dodging
 83268 | Tomb:2   | You feel dopey.
 83506 | Tomb:1   | Noticed a greater mummy
 83506 | Tomb:1   | Noticed a greater mummy
 83506 | Tomb:1   | Noticed a greater mummy
 83506 | Tomb:1   | Noticed a greater mummy
 83506 | Tomb:1   | Noticed a greater mummy
 83506 | Tomb:1   | Noticed a greater mummy
 83507 | Tomb:1   | Noticed a greater mummy
 83513 | Tomb:1   | Killed a greater mummy
 83516 | Tomb:1   | Reached skill level 27 in Stealth
 83521 | Tomb:1   | Killed a greater mummy
 83525 | Tomb:1   | Killed a greater mummy
 83536 | Tomb:1   | Killed a greater mummy
 83540 | Tomb:1   | Killed a greater mummy
 83543 | Tomb:1   | Killed a greater mummy
 83549 | Tomb:1   | Killed a greater mummy
 83585 | Tomb:1   | Noticed a greater mummy
 83586 | Tomb:1   | Noticed a greater mummy
 83600 | Tomb:1   | Noticed a greater mummy
 83603 | Tomb:1   | Killed a greater mummy
 83605 | Tomb:1   | Killed a greater mummy
 83615 | Tomb:1   | Killed a greater mummy
 83626 | Tomb:1   | Noticed a greater mummy
 83628 | Tomb:1   | Noticed a greater mummy
 83640 | Tomb:1   | Killed a greater mummy
 83649 | Tomb:1   | Killed a greater mummy
 83674 | Tomb:1   | Noticed a greater mummy
 83687 | Tomb:1   | Killed a greater mummy
 83687 | Tomb:1   | You feel dopey.
 83696 | Tomb:1   | Noticed a greater mummy
 83706 | Tomb:1   | Killed a greater mummy
 83723 | Tomb:1   | Noticed a greater mummy
 83725 | Tomb:1   | Noticed a greater mummy
 83729 | Tomb:1   | Noticed a greater mummy
 83738 | Tomb:1   | Killed a greater mummy
 83742 | Tomb:1   | Noticed a greater mummy
 83743 | Tomb:1   | Killed a greater mummy
 83748 | Tomb:1   | Killed a greater mummy
 83758 | Tomb:1   | Killed a greater mummy
 83758 | Tomb:1   | You feel dopey.
 83771 | Tomb:1   | Noticed a greater mummy
 83771 | Tomb:1   | Noticed a greater mummy
 83772 | Tomb:1   | Noticed a greater mummy
 83772 | Tomb:1   | Noticed a greater mummy
 83773 | Tomb:1   | Noticed a greater mummy
 83777 | Tomb:1   | Noticed a greater mummy
 83786 | Tomb:1   | Killed a greater mummy
 83803 | Tomb:1   | Killed a greater mummy
 83808 | Tomb:1   | Killed a greater mummy
 83812 | Tomb:1   | Killed a greater mummy
 83815 | Tomb:1   | Killed a greater mummy
 83820 | Tomb:1   | Killed a greater mummy
 83975 | Tomb:3   | Entered Level 3 of the Tomb of the Ancients
 84060 | Tomb:3   | Noticed a greater mummy
 84077 | Tomb:3   | Killed a greater mummy
 84078 | Tomb:3   | Noticed a greater mummy
 84087 | Tomb:3   | Noticed a greater mummy
 84090 | Tomb:3   | Killed a greater mummy
 84099 | Tomb:3   | Noticed a greater mummy
 84102 | Tomb:3   | Noticed an ancient lich
 84103 | Tomb:3   | Killed a greater mummy
 84115 | Tomb:3   | Killed an ancient lich
 84122 | Tomb:3   | Noticed a greater mummy
 84130 | Tomb:3   | Noticed a greater mummy
 84148 | Tomb:3   | Killed a greater mummy
 84151 | Tomb:3   | Noticed a greater mummy
 84178 | Tomb:3   | Killed a greater mummy
 84184 | Tomb:3   | Killed a greater mummy
 84200 | Tomb:3   | Killed a greater mummy
 84269 | Tomb:3   | Identified the cursed +1 chain mail of Tomiloixa {*Corrode
                  | rElec rC+++ Regen+} (You found it on level 3 of the Tomb of
                  | the Ancients)
 84298 | Tomb:3   | Found the +2 robe of Vines {NoPotionHeal Regen+7}
 84304 | Tomb:3   | Identified the amulet "Mekaf" {Reflect *Slow Dex+5 SH+3}
                  | (You found it on level 3 of the Tomb of the Ancients)
 84321 | Tomb:3   | Identified the Grimoire of Floating Toxins
 84378 | Tomb:3   | Got a golden rune of Zot
 84910 | Tar:1    | Entered Level 1 of Tartarus
 85095 | Tar:7    | Entered Level 7 of Tartarus
 85102 | Tar:7    | Gained mutation: You are partially covered in large bone
                  | plates. (SH +4) [evolution]
 85102 | Tar:7    | Lost mutation: You rapidly evolve. [decline of evolution]
 85144 | Tar:7    | Identified the amulet of Nuwky {rPois Regen+ Int+4} (You
                  | found it on level 7 of Tartarus)
 85351 | Tar:7    | Noticed Ereshkigal
 85487 | Tar:7    | Killed Ereshkigal
 85643 | Tar:7    | Got a bone rune of Zot
 86117 | Zot:5    | Got the Orb of Zot
 86291 | Depths:2 | Noticed Meyneck the pandemonium lord
 86452 | D:11     | Noticed Feamet the pandemonium lord
 86648 | D:$      | Escaped with the Orb!

Vault maps used:
D:1:      doesnt_arrival_eight_statues, minmay_close_crescents
D:2:      nicolae_dithmenos_shadow_blocks, marbit_many_paths
D:3:      first_ration
D:4:      lemuel_crystal_altar
D:5:      gammafunk_ghost_split, tgw_xom, uniq_duvessa
D:6:      bloody_makhleb, okawaru_metal_pillars_3, fiery_altar_vehumet,
          minmay_temple_entry_statues_fountains, fedhas_altar_1,
          uniq_prince_ribbit1
D:7:      grunt_livestock, lemuel_oklob_altar
D:8:      lemuel_coloured_pillars_altar, grunt_temple_overflow_open,
          due_lair_maze_entry_diamond
D:9:      nicolae_overflow_crystal_walls, serial_shops, shop, uniq_erica
D:11:     erik_orc_3, muffindrake_ghost_dual_entry
D:12:     minmay_hedge_maze, kennysheep_crisscross, uniq_maurice
D:13:     lightli_vaults_fourway_checkpoint, serial_column_ruins,
          column_ruins_hut, column_ruins_open_tiny, column_ruins_grid_1,
          column_ruins_grid_2, column_ruins_columns_water,
          column_ruins_columns_corner, column_ruins_grid_2, basic_altar,
          serial_shops, shop_statue, uniq_nessos, uniq_frances
D:14:     cheibrodos_leafed_vault, basic_altar
D:15:     gammafunk_enter_depths_forms, serial_park_square3,
          gammafunk_ghost_arena, minivault_22
Temple:   hc_temple_tempest_star
Lair:1:   grunt_forest_large_clearing_hut, serial_bayou_shore_b,
          infiniplex_staircase_pool_2
Lair:2:   nicolae_swamp_entry_splash_gauntlet, beast_lair_carwin_10
Lair:3:   hangedman_lair_generics_rect
Lair:4:   beast_lair_carwin_large_3, spider_nest_entry_web_field, uniq_snorg
Lair:5:   slime_dummy, serial_bayou, serial_bayou_ford_a, serial_bayou_lagoon_a,
          serial_bayou_crossing, serial_bayou_pond_b, minmay_lair_oklob_chamber
Lair:6:   evilmike_catoblepas_cave, grunt_megastairs_5
Swamp:1:  serial_swamp_ruin, evilmike_swamp_ruin_house_5,
          evilmike_swamp_ruin_rubble_2, nicolae_swamp_necromancer_hut
Swamp:2:  nicolae_swamp_feature_on_the_river_bank
Swamp:3:  evilmike_swamp_ruin_house_4, uniq_nikola, uniq_jorgrun
Swamp:4:  swamp_alternative, portal_ice_cave_entry_pillars_1, swamp_pool2
Spider:1: cheibrodos_spider_silkery
Spider:2: hive_lemuel, nicolae_spider_cling_ruins
Spider:3: uniq_arachne
Spider:4: johnstein_spider_rune_arachne_lair, hangedman_spider_tarantella_strand
Slime:1:  basic_altar, cheibrodos_slime_lost_civilization_7
Slime:4:  nicolae_slime_phagocytosis
Orc:1:    giant_chief_lemuel, ebering_ghost_reflecting_pool,
          guppyfry_library_mini
Orc:2:    grunt_orc_gardens, grunt_orc_garden, grunt_orc_garden,
          grunt_orc_garden, grunt_orc_garden, basic_altar, mines2_david
Elf:1:    serial_shops, shop, hangedman_corner_corridor, minmay_the_grid_2x2,
          uniq_azrael
Elf:2:    ploomutoo_gammafunk_ghost_potion_laboratory
Elf:3:    grunt_elf_hall_asides, small_statue_intersection, uniq_donald,
          uniq_saint_roka
Vaults:1: nicolae_vaults_rhombus_6, vaults_room_grunt_arrival_ludios,
          vaults_room_large_hall, vaults_room_large_hall, v_pattern_3,
          vaults_mumra_minichess_inversion, v_alt_pattern_2,
          ontoclasm_vaults_misaligned, st_spiral_rooms,
          nicolae_vaults_shelves_hall, vaults_room_door_hall,
          nicolae_vaults_little_ls, nicolae_vaults_big_angled_halls,
          vaults_dpeg_encased_lava, v_misc_3
Vaults:2: ontoclasm_vaults_tryst, v_misc_23, v_alt_pattern_4, v_misc_2,
          st_lines, nicolae_vaults_little_squares_5,
          hangedman_vaults_variations, v_rooms_2, grunt_vaults_trifunnel,
          hangedman_vaults_capsules, nicolae_vaults_little_squares_4,
          grunt_vaults_focal, v_alt_pattern_2, basic_altar
Vaults:3: hangedman_vaults_trim, v_misc_26, minmay_crypt_entry_simple_plaza,
          nicolae_vaults_lopsided_apartments, serial_ice_g, vaults_room_corners,
          nicolae_vaults_big_ls, hangedman_vaults_snaps,
          nicolae_vaults_mini_display_case, vaults_room_pools, uniq_margery
Vaults:4: nicolae_vaults_little_squares_1, hangedman_vaults_pinch,
          vaults_mumra_chevron, nicolae_vaults_rhombus_6, v_misc_28,
          vaults_room_fours, v_misc_28, v_misc_24, v_pattern_2, serial_shops,
          shop
Vaults:5: uniq_mara
Crypt:2:  uniq_khufu
Crypt:3:  church_of_pain_bobbens, nicolae_tomb_entry_rubble_hallway,
          grunt_megastairs_3, uniq_frederick
Tomb:2:   uniq_boris
Depths:1: enter_ziggurat_c, lightli_too_deep, kennysheep_pointless_box,
          rand_demon_pan_entry_1, serial_sigils_hangedman_scar,
          lemuel_statue_altar, minmay_shop_grove
Depths:2: minmay_skeleton_keep, minmay_misc_feat_rugged, abyss_entry,
          pf_hell_entry_tar_spiral
Depths:3: minmay_connected_boxes_in_corner, lemuel_crystal_altar,
          rand_demon_pan_entry_7, pf_dread_powers_of_hell, abyss_entry,
          st_stairs_8, hangedman_glass_teeth, minmay_staircase_statues,
          uniq_enchantress, uniq_mennas
Depths:4: box_level_dp, abyss_entry, hell_entry
Depths:5: grunt_zot_entry_gee_three, serial_shops, shop, hangedman_decor_points,
          grunt_hell_entry_dis_old, rand_demon_pan_entry_9, uniq_xtahua,
          uniq_boris
Dis:7:    dis_hangedman
Geh:2:    minmay_firetagon
Geh:7:    geh_hangedman
Coc:2:    hangedman_mysterious_dungeon_monster_house
Coc:5:    hangedman_elemental_corridor
Coc:7:    coc_old
Tar:2:    nicolae_tar_cuneiform_bread
Tar:5:    hangedman_snap_crack_crunch
Tar:7:    tar_grunt_cathedral
Zot:1:    grunt_megastairs_4
Zot:2:    kennysheep_blocky_room, lemuel_elevator
Zot:4:    lemuel_baited_zot_trap
Abyss:3:  dshaligram_kb_abyss_rune_zappy_water_cross
Abyss:4:  hangedman_decor_peaks_small, minivault_13,
          evilmike_abyss_rune_siren_acolytes, due_exit_kobolds,
          hangedman_abyss_or_decor_lesser_grid
Abyss:5:  hangedman_elemental_corridor, doesnt_abyss_rune_brain_food
Pan:      evilmike_mini_pan_thingy, lemuel_hellion_island, rand_demon_6,
          nicolae_pan_mnolegish_3, rand_demon_5, nicolae_pan_mnolegish_3,
          nicolae_pan_sick_transit, pan_surprise, rand_demon_7,
          evilmike_holy_pan, cerebov_grunt, nicolae_pan_sigil_eeng,
          gloorx_vloq_grunt_torture_chamber, mnoleg_grunt, uniq_gloorx_vloq,
          pan_blood_fountain_small, pan_blood_fountain_2, rand_demon_5,
          rand_demon_9, grunt_pan_frozen_over, evilmike_mini_pan_doors,
          uniq_gloorx_vloq, rand_demon_3, lom_lobon_spiral_st
IceCv:    ice_cave_caverns_02

Skill      XL: |  1  2  3  4  5  6  7  8  9 10 11 12 13 14 15 16 17 18 19 20 21 22 23 24 25 26 27 |
---------------+----------------------------------------------------------------------------------+-----
Fighting       | 2 3 4 5 6 7 9 10 11 12 13 15 16 17 18 19 20 21 22 26 | 26.3
Long Blades    | 4 5 6 8 10 11 13 15 16 21 | 21.2
Armour         | 3 6 7 8 9 10 11 12 13 15 16 18 19 24 | 24.5
Shields        | 2 5 6 7 8 9 10 11 12 14 15 | 15.0
Dodging        | 6 9 11 12 13 15 16 18 19 21 22 23 24 27 | 27.0
Stealth        | 6 8 9 12 14 16 17 19 20 27 | 27.0
Evocations     | 1 3 4 6 7 |  7.1
Summonings     | 18 | 18.0
Necromancy     | 17 | 17.6
Earth Magic    | 16 | 16.0
Translocations | 12 | 12.0
Charms         | 10 | 10.0
Hexes          | 5 |  5.0
Throwing       | |  1.5
Spellcasting   | |  0.7

Action                   |  1- 3 |  4- 6 |  7- 9 | 10-12 | 13-15 | 16-18 | 19-21 | 22-24 | 25-27 || total
-------------------------+-------+-------+-------+-------+-------+-------+-------+-------+-------++-------
Melee: Long sword        |   144 |   193 |   480 |   252 |       |       |       |       |       ||  1069
       Bite              |    20 |    24 |    63 |   142 |   233 |   443 |   334 |   357 |  2136 ||  3752
       Dagger            |       |       |    11 |       |    52 |   317 |    12 |       |       ||   392
       Scimitar          |       |       |       |   586 |  1031 |   644 |       |    49 |     7 ||  2317
       Falchion          |       |       |       |       |       |   936 |    99 |       |       ||  1035
       Demon blade       |       |       |       |       |       |     4 |     7 |       |       ||    11
       Double sword      |       |       |       |       |       |       |  1428 |  1770 |  7951 || 11149
Throw: Throwing net      |       |       |     3 |       |       |       |       |       |     7 ||    10
 Cast: Aura of Abjuratio |       |       |       |       |       |       |       |       |    76 ||    76
       Borgnjor's Vile C |       |       |       |       |       |       |       |       |    75 ||    75
       Apportation       |       |       |       |       |       |       |       |       |    45 ||    45
       Passwall          |       |       |       |       |       |       |       |       |    11 ||    11
       Song of Slaying   |       |       |       |       |       |       |       |       |     8 ||     8
       Blink             |       |       |       |       |       |       |       |       |     6 ||     6
Invok: Berserk           |       |       |       |     1 |    21 |    16 |       |     3 |       ||    41
       Brothers in Arms  |       |       |       |       |     2 |     2 |       |       |     6 ||    10
       Trog's Hand       |       |       |       |       |       |       |     6 |     2 |     7 ||    15
 Abil: Bat Form          |       |       |     2 |     2 |     1 |       |     1 |       |       ||     6
       End Transformatio |       |       |     1 |     2 |     1 |       |     1 |       |       ||     5
       Stop Flying       |       |       |       |       |       |       |       |     2 |       ||     2
       Evoke Flight      |       |       |       |       |       |       |       |     2 |       ||     2
Evoke: Wand              |       |       |       |    22 |    16 |   208 |    10 |    11 |    33 ||   300
       Lamp of fire      |       |       |       |       |       |       |       |     2 |     6 ||     8
       Staff of energy   |       |       |       |       |       |       |       |       |    32 ||    32
       Lightning rod     |       |       |       |       |       |       |       |       |     8 ||     8
  Use: Potion            |     3 |    10 |    18 |    37 |    53 |    65 |    55 |    50 |   108 ||   399
       Scroll            |       |       |       |    15 |    18 |    13 |    22 |    20 |    66 ||   154
 Stab: Held in net/web   |       |       |     1 |       |       |     1 |       |       |    28 ||    30
       Sleeping          |       |       |       |       |     7 |     9 |    53 |    20 |   154 ||   243
       Distracted        |       |       |       |       |     1 |     9 |     9 |     8 |    52 ||    79
       Paralysed         |       |       |       |       |       |       |     1 |       |     1 ||     2
       Invisible         |       |       |       |       |       |       |     3 |       |     3 ||     6
Armor: Scale mail        |    24 |       |       |       |       |       |       |       |       ||    24
       Ice dragon scales |    55 |   108 |   227 |   345 |   344 |   284 |       |       |       ||  1363
       Ring mail         |       |       |       |       |       |   147 |   133 |    44 |       ||   324
       Chain mail        |       |       |       |       |       |       |       |   321 |     5 ||   326
       Quicksilver drago |       |       |       |       |       |       |       |       |   245 ||   245
       Acid dragon scale |       |       |       |       |       |       |       |       |   816 ||   816
Dodge: Dodged            |    82 |   106 |   242 |   325 |   408 |  1310 |   847 |  1227 |  6881 || 11428
Block: Shield            |       |       |       |    96 |   416 |  1023 |   719 |   967 |  6949 || 10170
       Reflection        |       |       |       |       |       |       |       |    60 |   115 ||   175
       Rpst.: Long sword |    20 |    41 |    67 |    29 |       |       |       |       |       ||   157
       Scimitar          |       |       |       |    72 |   110 |    85 |       |    12 |     1 ||   280
       Falchion          |       |       |       |       |       |   117 |    10 |       |       ||   127
       Double sword      |       |       |       |       |       |       |   182 |   214 |  1177 ||  1573
       Demon blade       |       |       |       |       |       |       |     1 |       |       ||     1

Table legend:
 A = Non-vault XP
 B = Vault XP
 C = Vault XP percentage of total XP
 D = Non-vault monster count
 E = Vault monster count
 F = Vault count percentage of total count
                 A         B        C        D         E       F
            +---------+---------+-------+---------+---------+-------
      Total | 1567360 | 1987999 |  55.9 |    2752 |    1790 |  39.4
            +---------+---------+-------+---------+---------+-------
        D:1 |      28 |       9 |  24.3 |      18 |       4 |  18.2
        D:2 |      50 |       4 |   7.4 |      27 |       1 |   3.6
        D:3 |     276 |       0 |   0.0 |      25 |       0 |   0.0
        D:4 |     281 |       0 |   0.0 |      13 |       0 |   0.0
        D:5 |     680 |     575 |  45.8 |      22 |      12 |  35.3
        D:6 |     833 |     274 |  24.8 |      26 |       1 |   3.7
        D:7 |    1198 |    1517 |  55.9 |      22 |       9 |  29.0
        D:8 |    2795 |     783 |  21.9 |      32 |       6 |  15.8
        D:9 |    1211 |     955 |  44.1 |      16 |       1 |   5.9
       D:10 |     927 |       0 |   0.0 |      12 |       0 |   0.0
       D:11 |    5668 |    8728 |  60.6 |      19 |      27 |  58.7
       D:12 |    5108 |     472 |   8.5 |      31 |       1 |   3.1
       D:13 |    8009 |    8155 |  50.5 |      38 |      14 |  26.9
       D:14 |    7539 |   13402 |  64.0 |      39 |      25 |  39.1
       D:15 |   15520 |   14102 |  47.6 |      40 |      23 |  36.5
     Lair:1 |    2131 |     704 |  24.8 |       8 |       3 |  27.3
     Lair:2 |    7468 |    2099 |  21.9 |      26 |      14 |  35.0
     Lair:3 |    2550 |    2178 |  46.1 |      13 |       6 |  31.6
     Lair:4 |    6008 |    4269 |  41.5 |      20 |      11 |  35.5
     Lair:5 |    8362 |    4188 |  33.4 |      26 |      11 |  29.7
     Lair:6 |   19540 |   13578 |  41.0 |      52 |      27 |  34.2
    Swamp:1 |    7190 |    1491 |  17.2 |      17 |       5 |  22.7
    Swamp:2 |   10698 |       0 |   0.0 |      20 |       0 |   0.0
    Swamp:3 |    9260 |    9535 |  50.7 |      21 |       6 |  22.2
    Swamp:4 |   10681 |   16425 |  60.6 |      31 |      23 |  42.6
   Spider:1 |   11362 |    6952 |  38.0 |      26 |      15 |  36.6
   Spider:2 |    9196 |    6796 |  42.5 |      30 |      15 |  33.3
   Spider:3 |   16541 |    3790 |  18.6 |      43 |       1 |   2.3
   Spider:4 |   17658 |   31213 |  63.9 |      47 |      55 |  53.9
    Slime:1 |   12682 |    3407 |  21.2 |      13 |       3 |  18.8
    Slime:2 |   14718 |       0 |   0.0 |      21 |       0 |   0.0
    Slime:3 |    8044 |       0 |   0.0 |      15 |       0 |   0.0
    Slime:4 |   23465 |       0 |   0.0 |      28 |       0 |   0.0
    Slime:5 |   18917 |   33470 |  63.9 |      24 |      15 |  38.5
      Orc:1 |    1305 |   12791 |  90.7 |      22 |      31 |  58.5
      Orc:2 |    4737 |   11470 |  70.8 |      51 |      30 |  37.0
      Elf:1 |   27730 |   18688 |  40.3 |      44 |      29 |  39.7
      Elf:2 |   14889 |   37587 |  71.6 |      25 |      48 |  65.8
      Elf:3 |   20013 |   45070 |  69.3 |      33 |      32 |  49.2
   Vaults:1 |   33035 |   37797 |  53.4 |      69 |      55 |  44.4
   Vaults:2 |   20505 |   26666 |  56.5 |      36 |      47 |  56.6
   Vaults:3 |   15472 |   43866 |  73.9 |      29 |      50 |  63.3
   Vaults:4 |   40122 |    6407 |  13.8 |      72 |       9 |  11.1
   Vaults:5 |   40710 |  129548 |  76.1 |      51 |      85 |  62.5
    Crypt:1 |   28961 |       0 |   0.0 |      41 |       0 |   0.0
    Crypt:2 |   16087 |   15409 |  48.9 |      27 |       4 |  12.9
    Crypt:3 |   34584 |   57894 |  62.6 |      37 |      75 |  67.0
     Tomb:1 |   17458 |  226648 |  92.8 |      30 |      86 |  74.1
     Tomb:2 |   13697 |   58202 |  80.9 |      24 |      46 |  65.7
     Tomb:3 |    9565 |   79400 |  89.2 |      25 |      52 |  67.5
   Depths:1 |   16104 |    3580 |  18.2 |      19 |       5 |  20.8
   Depths:2 |   42369 |   30505 |  41.9 |      58 |      58 |  50.0
   Depths:3 |   13659 |   37846 |  73.5 |      20 |      36 |  64.3
   Depths:4 |   32725 |   71876 |  68.7 |      41 |      67 |  62.0
   Depths:5 |   47876 |   36525 |  43.3 |      30 |      25 |  45.5
       Hell |   30640 |   20697 |  40.3 |      53 |      32 |  37.6
      Dis:3 |   19288 |       0 |   0.0 |      35 |       0 |   0.0
      Dis:4 |    4157 |       0 |   0.0 |      13 |       0 |   0.0
      Dis:5 |     566 |       0 |   0.0 |       2 |       0 |   0.0
      Dis:6 |   11225 |       0 |   0.0 |      25 |       0 |   0.0
      Dis:7 |   31174 |  137855 |  81.6 |      33 |      99 |  75.0
      Geh:1 |    6918 |       0 |   0.0 |      33 |       0 |   0.0
      Geh:2 |   14343 |    2221 |  13.4 |      30 |       3 |   9.1
      Geh:3 |    3944 |       0 |   0.0 |      10 |       0 |   0.0
      Geh:4 |    1609 |       0 |   0.0 |       3 |       0 |   0.0
      Geh:5 |   29931 |       0 |   0.0 |      48 |       0 |   0.0
      Geh:6 |   16455 |       0 |   0.0 |      33 |       0 |   0.0
      Geh:7 |   48575 |   92626 |  65.6 |      74 |      80 |  51.9
      Coc:1 |     617 |       0 |   0.0 |       5 |       0 |   0.0
      Coc:2 |   14406 |       0 |   0.0 |      20 |       0 |   0.0
      Coc:3 |   16523 |       0 |   0.0 |      37 |       0 |   0.0
      Coc:4 |    7816 |       0 |   0.0 |      15 |       0 |   0.0
      Coc:5 |   18373 |       0 |   0.0 |      39 |       0 |   0.0
      Coc:6 |    9269 |       0 |   0.0 |      19 |       0 |   0.0
      Coc:7 |   52859 |   72027 |  57.7 |      67 |      52 |  43.7
      Tar:1 |    2771 |       0 |   0.0 |       8 |       0 |   0.0
      Tar:2 |    6977 |       0 |   0.0 |      18 |       0 |   0.0
      Tar:5 |    1650 |       0 |   0.0 |       4 |       0 |   0.0
      Tar:6 |    2016 |       0 |   0.0 |       4 |       0 |   0.0
      Tar:7 |   27299 |   58710 |  68.3 |      25 |      31 |  55.4
      Zot:1 |   16380 |    2563 |  13.5 |      10 |       2 |  16.7
      Zot:2 |   49979 |   12789 |  20.4 |      31 |       9 |  22.5
      Zot:3 |   45970 |       0 |   0.0 |      35 |       0 |   0.0
      Zot:4 |   24238 |       0 |   0.0 |      13 |       0 |   0.0
      Zot:5 |   53138 |  189260 |  78.1 |      33 |      44 |  57.1
    Abyss:1 |    1754 |       0 |   0.0 |       1 |       0 |   0.0
    Abyss:2 |   16896 |       0 |   0.0 |      29 |       0 |   0.0
    Abyss:4 |    8193 |    2347 |  22.3 |      15 |       7 |  31.8
    Abyss:5 |   64370 |   19924 |  23.6 |     102 |      38 |  27.1
        Pan |  148844 |  190190 |  56.1 |     185 |     139 |  42.9
      IceCv |       0 |    9944 | 100.0 |       0 |      50 | 100.0
            +---------+---------+-------+---------+---------+-------
